Workbook
Name _Hlk488402888: Search1!$A$10
Name _Hlk488403305: Search1!$A$36
Name _Hlk488403383: Search1!$A$34
Name _Hlk488411397: Search1!$A$96
Name OLE_LINK1: Search1!$A$1
Name أنواع_المبادرات: #REF!

Sheet Content
A1: CONTENT
A3: EXPLANATION OF THE WORKSHEET COLOUR CODE
A4: Worksheet Colour | B4: When should the worksheet be used?
A5: Black | B5: Useful for all stages of TRADE
A6: Green | B6: Terms of Reference
A7: Purple | B7: Review
A8: Yellow | B8: Acquire
A9: Orange | B9: Deploy
A10: Red | B10: Evaluate
A12: EXPLANATION OF THE PURPOSE OF EACH WORKSHEET
A13: Worksheet | B13: Purpose
A14: Content | B14: Content - provides the full name of each worksheet and explains its purpose
A15: Monitor | B15: Project Monitoring - useful for providing an overview of progress across the fives stages and making sure all steps are completed satisfactorily
A16: Findings | B16: Project Findings Form - used to record key information that is found/learnt throughout each stage of the project.
A17: II&BP | B17: Improvement Ideas & Best Practices Form - used to record improvement ideas and best practices throughout each stage of the project
A18: TOR-T | B18: Terms of Reference Tasks - used to plan the benchmarkings tasks/actions for each step of this TRADE stage
A19: TOR | B19: Terms of Reference Form - used to manage the project
A20: SA | B20: Stakeholder Analysis - used to identify the importance of project stakeholders to the project.
A21: ComP | B21: Communications Plan - used to ensure that project stakeholders are fully informed and involved in the project to ensure their understanding and ownership of the resultant best practices
A22: CA | B22: Cost Analysis - used to determine and track actual costs against expected costs.
A23: Review-T | B23: Review Tasks - used to plan the benchmarkings tasks/actions for each step of this TRADE stage
A24: Process | B24: Process Flow Chart - used to convey process flow and information in an organized, efficient, and easily consumed manner.
... A42: Evaluate -T | B42: Evaluate Tasks- used to plan the benchmarkings tasks/actions for each step of this TRADE stage
A44: EXPLANATION OF THE HEADINGS IN THE TRADE TASK WORKSHEETS (TOR-T, RESEARCH-T, ACQUIRE-T, DEPLOY-T, EVALUATE-T)
A45: Heading | B45: How used | C45: Which TRADE Stage is it used?
A46: Steps | B46: Steps from the TRADE process | C46: ALL
A47: Tasks | B47: Enter one of more tasks or actions that need to be undertaken to complete the TRADE step. Insert more rows as necesssary if multiple tasks or actions need to be undertaken. | C47: ALL
A48: Expected Benefits Non - Financial | B48: What are the non-financial benefits from the action? | C48: DEPLOY
A49: Expected Benefits Financial | B49: What are the financial benefits from the action? | C49: DEPLOY
A50: Expected Man Hours | B50: Total of team hours expected to be spent on Task | C50: ALL
A51: Expected Labour Cost | B51: Expected cost of labour for Task. Calculated from Man hours and labour rate | C51: ALL
A52: Expected Expenses Cost | B52: Expected cost of expenses for Task - e.g. travel, consumables, facilitation/consultant fees | C52: ALL
A53: Expected Capital Cost | B53: Expected cost of capital expenditure for Task | C53: ALL
A54: Person that ensures task is completed | B54: Project team member responsible for ensuring Task is completed by due date. This is usually the Team Leader. | C54: ALL
A55: Planned Start Date | B55: Expected date Task will start | C55: ALL
A56: Planned Finish Date | B56: Expected date Task is to be finished by | C56: ALL
... A61: Actual Capital Cost | B61: Actual cost of capital expenditure for the Task | C61: ALL
A63: EXPLANATION OF THE COST ANALYSIS (CA) WORKSHEET FORMULAE
A64: CA Worksheet | B64: Instructions
A65: Changing the hourly labour rate | B65: On the TRADE Cost Analysis (CA) tab, ENTER the standard hourly rate of your benchmarking team members into CELL H3. This will then enable the labour cost to be calculated for each TRADE step in the Task Worksheets

Sheet Monitor
A1: PROJECT MONITORING
A2: Stage | B2: Step | C2: Description | D2: Prompts to ensure you are on track… | E2: Forms/Resources to Assist | F2: Start Date | G2: Finish Date | H2: Completed? Yes/No | I2: Comments or Key Findings
A3: Terms of Reference (plan the project) | B3: 1.1 | C3: Determine area of focus for benchmarking project | D3: Revisit your area of focus. Are you happy with it? If not review. When reviewing the area of focus consider Intel’s “questions to ask before starting a benchmarking study” - refer to training slides.
B4: 1.2 | C4: Develop project brief | D4: Review your project brief. Are you happy with it? If not review.
D5: Transfer the information you already have on your project to the TOR in the TRADE Spreadsheet.
B6: 1.3 | C6: Form project team | D6: Have you clearly identified the members of your team and their team role? Record this information on the TOR
B7: 1.4 | C7: Train project team | D7: Are all your team members trained in benchmarking? If a team member is missing from this workshop how will he/she be trained?
B8: 1.5 | C8: Understand benchmarking code of conduct | D8: Have all team members read and understood the benchmarking code of conduct? If not spend some time doing this now. | E8: TRADE Benchmarking Code of Conduct - Resource Pack
D9: Have all team members signed the Benchmarking Agreement Form? If so tick the relevant box of the TOR. | E9: Benchmarking Agreement Form - Resource
B10: 1.6 | C10: Prepare Terms of Reference | D10: Try and complete the TOR – it can be found in the TRADE Spreadsheet. Indicate which of the following you have completed? Some of these won’t be able to be completed without more planning or research. | E10: TOR Worksheet
D11: Project scope? Have you identified resource and time constraints?
D12: Background?
D13: Project objectives? Are they SMART?
D14: Expected benefits? Financial and non-financial?
D15: Expected costs? Financial and non-financial? It should be possible to estimate the cost of undertaking the benchmarking project once you consider the project’s scope and the work to be undertaken (here you can review the TRADE Spreadsheet and list of steps and think about what tasks need to be undertaken). If an accurate costing is required then all the expected tasks required for the project should be recorded and the associated Analysis Worksheet will automatically provide an overview of the expected resources. | E15: CA Worksheet
D16: However, it is unlikely you will be able to estimate the cost of implementing the best practices as these have not been identified yet.
D17: Project stakeholders? Who has a “stake” or “interest” in the project? Name all stakeholders. Have you completed the SA Worksheet? | E17: SA Worksheet
D18: Task management? Agree to use the TRADE Spreadsheet as the method for allocating tasks within your team. Have a look at the spreadsheet to become familiar with it. It will assist you in developing a plan for the project and monitoring progress. | E18: TOR-T, Review-T, Acquire-T, Deploy-T, Evaluate-T Worksheets
D19: Training requirements? Do members of your team require more specific training? If so what in?
D20: Risk management? What are the major risks that might prevent a successful project? How will these risks be overcome?
D21: Communication plan? How are you going to communicate project progress and with whom and how often? Have you completed the ComP Worksheet? | E21: ComP Worksheet
D22: Change management? This refers to how will changes to the project’s direction or TOR be approved?
D23: Benchmarking Code of Conduct. Have the benchmarking agreement forms been signed? | E23: Benchmarking Agreement Form - Resource Pack
D24: TRADE timeline? Briefly review all the steps of TRADE. Based on this review and your expectations from the project is it possible to develop a rough timeline for the project? For some projects you may wish to delay doing this until after the Review stage of TRADE.
D25: Actual benefits? Financial and non-financial? This cannot be filled in until the end of the project.
D26: Actual costs? Financial and non-financial? This cannot be filled in until the end of the project.
D27: Has your team already come up with some ideas for improvement as a result of developing the TOR. If so, record them in the II&BP Form. This form should be used throughout the project to capture goods ideas as well as best practices learnt from other organisations | E27: II&BP Worksheet
B28: 1.7 | C28: Develop documentation system | D28: Have you decided on the documentation system you will use and how it will be maintained? The TRADE Spreadsheet should be part of your documentation system.
B29: 1.8 | C29: Review Terms of Reference stage | D29: Has the TOR stage been completed to everyone’s satisfaction? | E29: Findings Worksheet
D30: How can the TOR stage be improved?
B31: 1.9 | C31: Obtain approval to start the next stage of TRADE | D31: When will you show the revised TOR to your project sponsor? | E31: TOR Worksheet
A32: Review (review current state) | B32: 2.1 | C32: Understand area of focus to be benchmarked | D32: Does your project team have a good understanding of the area of focus? Can you draw a process flow chart or fishbone diagram to represent your area of focus? Have you undertaken a SWOT or Gap analysis (refer to worksheets)? | E32: Process, SWOT&Fish Worksheets
D33: What research needs to be undertaken to improve your understanding?
B34: 2.2 | C34: Define performance measures | D34: Do you have performance measures in place for the area of focus? If not, develop new measures. | E34: PMR Worksheet, Explanation of Performance Measures - Resource Pack
D35: Complete a Performance Measures Record (PMR) sheet for the measures you will be using.
B36: 2.3 | C36: Identify current performance | D36: What is your current performance? If you do not know when will you be able to obtain this information?
D37: Record current performance in the P Data worksheet for the measures you are using. Most projects have 5 to 10 measures. | E37: P-Data Worksheet
B38: 2.4 | C38: Prioritise and finalise the practices to be benchmarked | D38: Have you broken down the “area of focus” into its component parts and prioritised them? This will help you to know which practices/processes or issues are most important to find best practices for. | E38: Gap Worksheet
B39: 2.5 | C39: Review project progress and TOR | D39: Has the Review stage been completed to everyone’s satisfaction? | E39: Findings Worksheet
D40: How can the Review stage be improved?
B41: 2.6 | C41: Obtain approval to start the next stage of TRADE | D41: When will you show the revised TOR to your project sponsor? | E41: TOR Worksheet
A42: Acquire (acquire best practices) | B42: 3.1 | C42: Develop a best practice research plan | D42: Have you planned the Acquire stage using the Acquire-T Worksheet? Therefore decide on the methods you will use to learn best practices e.g. desk-top research, surveys, site visits etc. | E42: Acquire-T Worksheet
B43: 3.2 | C43: Establish best practice search criteria | D43: Have you completed the Best Practice Search Criteria Worksheet? | E43: Criteria Worksheet
B44: 3.3 | C44: Undertake best practice research | D44: Have you completed a search for partners and best practices using the Search worksheet? | E44: Search Worksheet
D45: Have you held a focus group to brainstorm a list of potential partners that meet your Search Criteria? | E45: PST1 Worksheet
D46: Have you considered surveying organisations to identify their best practices and benchmarks?
D47: Have you developed a preferred list of potential partners from your best practice research, surveys and any focus groups brainstorming a list of potential partners?
D48: Have you used Partner Selection Table 2 to prioritise which partners to contact? | E48: PS2 Worksheet
D49: Have you made your final selection of potential partners? Have these been placed in order of those that you would most like to learn from?
B50: 3.4 | C50: Invite and acquire benchmarking partners | D50: Have you decided how you will approach potential partners to participate?
D51: Have you developed a letter to encourage potential partners to participate? | E51: Letter - Resource Pack
B52: 3.5 | C52: Learn from benchmarking partners | D52: What methods are you using to learn from benchmarking partners?
D53: What preparation work is required? | E53: Site Visit Preparation - Resource Pack
D54: Have you developed benchmarking partner questions | E54: Q Worksheet
D55: Have you developed an Agenda for the benchmarking visit with input from the benchmarking partner? | E55: Site Visit Agenda - Resource Pack
D56: What will be the roles of the project team if a site visit is undertaken?
D57: How will you check that the data or information you obtain is accurate?
B58: 3.6 | C58: Analysis of best practices | D58: What methods will you use for analysing the data?
D59: Has a benchmarking visit report (BPR Worksheet) been completed for each visit or meeting? | E59: BPR Worksheet
D60: Are you using the best practice selection matrix (BPSM) or II&BP form or both to select the best practices that you would like to implement? | E60: BPSM or II&BP Worksheets
B61: 3.7 | C61: Formulate recommendations | D61: Are the recommendations a combination of what you have learnt through benchmarking and your own organisation’s ideas based on knowledge of current processes?
D62: Have you developed an action plan for each recommendation to help you prioritise their importance? | E62: Action Plan Worksheet
D63: Will the recommendations help you to deliver your listed expected benefits shown in the TOR?
B64: 3.8 | C64: Review project progress and TOR | D64: Has the Acquire stage been completed to everyone’s satisfaction? | E64: Findings Worksheet
D65: How can the Acquire stage be improved?
B66: 3.9 | C66: Obtain approval to start the next stage of TRADE | D66: When will you show the revised TOR to your project sponsor? | E66: TOR Worksheet
A67: Deploy (communicate & implement best practices) | B67: 4.1 | C67: Communicate findings | D67: How will the findings from the project be communicated? Who will the findings be communicated to? What is the process for securing approval of the recommendations? | E67: Interim Benchmarking Report - Resource Pack
B68: 4.2 | C68: Develop action plan | D68: Do you have a process for developing the action plans?
D69: Have you developed a Master Plan of key actions to implement? Have these then be broken down into detailed action time plans with resource, time and responsibilities clearly identified | E69: MP & AP Worksheets
B70: 4.3 | C70: Obtain approval for action plan | D70: Who will need to sign off on the action plan?
B71: 4.4 | C71: Implement actions | D71: Who will implement the actions? Will it be the project team?
B72: 4.5 | C72: Review project progress and TOR | D72: Has the Deploy stage been completed to everyone’s satisfaction? | E72: Findings Worksheet
D73: How can the Deploy stage be improved?
B74: 4.6 | C74: Obtain approval to start the next stage of TRADE | D74: When will you show the revised TOR to your project sponsor? | E74: TOR Worksheet
A75: Evaluate (evaluate the benchmarking process & outcomes) | B75: 5.1 | C75: Perform cost /benefit analysis | D75: Are you collecting the data required in order to conduct a cost /benefit analysis? | E75: Action Plan Worksheet, Cost /Benefits Analysis Form - Resource Pack
D76: When will it be conducted?
D77: What level of benefits do you need to see in order to close the project?
B78: 5.2 | C78: Review TRADE | D78: Can the TRADE benchmarking process be improved? If so, how? | E78: Assessment of Benchmarking Project - Resource Pack
B79: 5.3 | C79: Share experiences and project outcomes | D79: Do you intend to share the findings from the project with all stakeholders? If so, how? | E79: Findings Worksheets, Final Benchmarking Report - Resource Pack
D80: How do you intend to share the experiences gained from undertaking the benchmarking project with other colleagues?
B81: 5.4 | C81: Close project | D81: Are all the documentation files up-to-date? | E81: TOR Worksheet
D82: Has the TOR been formally closed by the project sponsor?

Sheet Findings
A1: Project Findings form for a project on People Happiness
A3: Record what you find/learn as you proceed through the benchmarking project.
A5: Stage | B5: Key Findings/Learning
A6: Terms of Reference | B6: What was found/learnt when completing the TOR? E.g. current challenges/opportunities, strategic priorities, potential benefits etc | C6: Where can more information be found about this? Describe relevant documents/worksheets/reports | D6: Date updated
B7: The team initially faced a challenge to define Happiness and set clear objectives, benefits and targets. The TOR has been updated few times during the project, when areas of strengths and improvements need were clear to the team. | C7: Refer to Corporate Strategic Plan and TRADE spreadsheet | D7: 43948
A11: Review | B11: What was found/learnt about your current processes/systems and performance? Eg. Findings from focus groups, self-assessments, staff surveys, reviewing documentation or other analysis? | C11: Where can more information be found about this? Describe relevant documents/worksheets/reports | D11: Date updated
B12: The happiness at work survey conducted on Jun-17, Dec-17, June-18 shows that: - Organizational pride, 'Societal benefits', 'Job security' have been since the beginning top scoring aspects of happiness at work - Stress at work is a major area for improvement - Relationships, Work environment, Trust, Work-life balance have already improved between 10-15% since the first happiness @ work survey - New initiatives related to people happiness shall consider DSIB team, and Engagement team that are scoring lower than other team in the happiness @ work survey | C12: Happiness at work survey analysis Refer to Happiness_at_work_analysis.pdf | D12: 44005
B14: Existing documentation related to benchmarking visits, training, conferences, initiatives related to people happiness and wellbeing have been collected across all the departments | C14: Refer to: Happiness & Wellbeing Report.pdf Wellbeing Stats.xlsx
A16: Acquire | B16: What was found/learnt from your benchmarking partners? Eg. Findings from internet research, benchmarking partner surveys, telephone calls, emails or site visits? | C16: Where can more information be found about this? Describe relevant documents/worksheets/reports | D16: Date updated
B17: During the benchmarking visits we have acquired best practices related to: - workplace environment - workplace culture - stress reduction - physical wellbeing - work-life blend (balance) - emotional hygiene - employee engagement - creativity and innovation - organization governance - community engagement - positive education, students wellbeing | C17: - US West Coast benchmarking visits: Refer to Benchmarking visit evaluation - US West Coast.xlsx - Orange Frog benchmarking: Refer to Benchmarking visit evaluation - Orange Frog.xlsx - DHL benchmarking visit: Refer to Benchmarking visit evaluation - DHL.xlsx - Word Economic Forum web research: Refer to Economic_Forum_findings.pptx - Says Web Research: Refer to Benchmarking research evaluation - Says.xlsx - Mindvalley Web Research: Refer to Benchmarking research evaluation - Mindvalley.xlsx - Desktop Research from L. Bell Refer to Best Practices Search Form by L. Bell.docx - Desktop Research from J. Kelly Refer to Best Practices Search Form by J. Kelly.docx | D17: 44097
A21: Deploy | B21: What was found/learnt from implementation? Eg. Findings from pilot testing, feedback so far from process owners or customers? | C21: Where can more information be found about this? Describe relevant documents/worksheets/reports | D21: Date updated
B22: INITIATIVES IMPACTING OUR STAKEHOLDERS | D22: 44155
B23: School of Hearts | C23: Link to media coverage of interventions related to positive education, happiness and wellbeing (including School of Hearts and Healthy and Happy school award) Refer to Happiness and Wellbeing Media Coverage.docx
C24: Following a benchmarking visit at WestEd California, The organisation has partnered with the US research organization to launch the first ever survey to measure students’ happiness at schools and to conduct workshops to acquire strategies for effective action plans to improve the school climate. (Dec 2020)
C25: Refer to: School of Hearts Sample survey.xlsx School of Hearts report.pdf
B26: Healthy & Happy School Award | C26: School competition promoted by a cross-governmental team to raise awareness about the importance of happiness and wellbeing among school staff, students and their families. (Oct 2020) Participation: 28 private schools have applied to the awards submitting details about their best practices to related to physical, mental and social wellbeing for students and school staff. Summary of best practices inside schools, refer to: Happy Schools.pdf
B27: Saturday Clubs | C27: The Saturday Club is an informal educational programme inspired by the UK’s National Art & Design Saturday Club that brings teenagers from across schools together with social entrepreneurs to make the world better and happier. Students get to attend themed workshop related to wellbeing, creativity & design, entrepreneurship and technology and through design thinking students have to come up with future solutions for the world’s current issues. Participation: more than 100 students from 40 private schools in Dubai More info: Saturday Clubs.pdf
B29: INITIATIVES IMPACTING THE EMPLOYEES
B30: Holacracy | C30: Holacracy is an organizational governance developed by HolacracyOne that removes power from a management hierarchy and distributes it across clear roles. The work can then be executed autonomously, without micromanagement. Holocracy is under implementation, 2 batches of employees have already been trained by HolacracyOne and awareness sessions have been conducted for all employees. Initial circles and roles have been defined and governance/technical meetings have started. More info: www.holacracy.org Evolving to Holacracy Workshop - Introduction Session.pdf Holacracy-Glossary.pdf
B31: Happiness Toolbox | C31: How to practice emotional hygiene, boost emotional resilience and learn alternative ways to deal with the inevitable ups and downs of life. Toolbox shows that there is a way to avert self-defeating behaviours by fostering the innate strength and resilience. More Info: https://dovetaillearning.org/ http://people.rice.edu/uploadedFiles/People/TEAMS/Succeeding%20as%20a%20Manager-%20Five%20Ways%20to%20Build%20a%20Resilient%20Team.pdf
B32: For the complete list of initiatives refer to II&BP worksheet
A34: Evaluate | B34: What was found/learnt from a thorough analysis of project outcomes? Eg. Findings from a cost/benefit analysis, post-project discussion on what went well and could be improved? | C34: Where can more information be found about this? Describe relevant documents/worksheets/reports | D34: Date updated
B35: 12-16 June 2016 Spot survey results Anonymous spot survey to monitor employees engagement in the wellbeing program and initiatives, which are built around the 5 pillars (Keep Learning, Take Notice, Keep Active, Connect, Give) | C35: Refer to: Spot survey results.pptx | D35: 44256

Sheet II&BP
A1: Improvement Ideas & Best Practice (II&BP) Form for a project on Innovative Prevention Program to Combat diabetes
A3: Record improvement ideas or best practices that you find as you proceed through the benchmarking project. To assess whether or not to recommend an idea or best practice for implementation you can complete the "Ease of implementation" and "Impact on project aim and objectives" columns. Alternatively you can assess the ideas or best practices through the "Best Practice Selection Matrix", BPSM Worksheet, which enables you to compare the ideas and practices graphically.
E5: Ease of implementation (Consider time, cost feasibility, 5=Very Easy, 4=Relatively Easy, 3=Possible, 2=Difficult, 1=Very Difficult) | F5: Impact on project aim and objectives (5=Major, 4=High 3=Medium, 2=Low, 1=Negligible) | G5: The Ease / Impact Score Column gives a score out of 10 with a higher weighting for "impact" in comparison to "ease". This ratio can be changed dependent on the importance of these criteria to the benchmarking project.
A7: Date | B7: Name of improvement idea and/or best practice | C7: Description (how will such a idea/practice improve on the current situation?) | D7: Expected benefits? | G7: Ease / Impact Score (with Impact given a higher weighting 6:4) | H7: Where/who can provide more information on this idea/practice? Reference any information documents as appropriate. | I7: Should this idea/practice be Parked (P) for later review or Actioned (A) immediately?
A8: 43952 | B8: general public awareness about common medical problems | C8: Gestational DM, obesity, | D8: reduce pregnancy complications, reduce non-communicable diseases | E8: Low | F8: 1 month | G8: Moderate | I8: P
A9: 43952 | B9: Smart Health Education Applications | C9: Using education materials through applications | D9: increased awareness among the community | E9: High | F9: 6 months | G9: High | H9: https://zipongo.com/blog/category/nutrition-health/diabetes/ | I9: A
A10: 43952 | B10: Happiness survey | C10: Generalized to all Gov. departments especially the employees | D10: Increased employee happiness and satisfaction | E10: Low | F10: 6 months | G10: Moderate | I10: P
A11: 43952 | B11: Stress Management group sessions | C11: Stress Management assessment & intervention 45 Min | D11: Reduce mental health burdens related to stress | E11: Medium | F11: 3 months | G11: Moderate | I11: P
A12: 43952 | B12: Happiness prescribing for school students & adults | C12: To reduce obesity in children and adults | D12: Reduce non-communicable diseases prevalence among school students | E12: High | F12: 2 years | G12: High | H12: http://www.hse.ie/eng/services/list/4/Mental_Health_Services/NOSP/Research/socialprescribing.pdf | I12: P
A13: 43952 | B13: Support groups sessions | C13: support groups in different area for NCDs & risk factors | D13: Increase awareness among community on non-communicable diseases, | E13: High | F13: 3 months | G13: Moderate | I13: P
A14: 43952 | B14: Volunteering programs for staff & community participation in the health awareness | C14: Community involvement in the heath awareness programs | D14: Increase scope of awareness campaigns and educate the community | E14: Low | F14: 6 months | G14: Low | I14: P
A15: 43952 | B15: New class medication for NCDs to be opened for family physicians | C15: Increase quality of patients care | D15: Increase the effectiveness of treatment | E15: High | F15: 2 Years | G15: High | I15: P
A16: 43952 | B16: Gym in health centres | C16: Employee health | D16: Increase physical activity among staff | E16: High | F16: 2 years | G16: High | H16: https://www.cdc.gov/diabetes/prevention/pdf/curriculum.pdf | I16: P
A17: 43952 | B17: Increase the number of health educators staff | C17: the increase need of health education in the community & clinics, therefore we need to increase the number of health educators staff | D17: Increase health education access and coverage in the community | E17: High | F17: 3 years | G17: High | H17: https://www.cdc.gov/diabetes/prevention/pdf/curriculum.pdf | I17: P
A18: 43952 | B18: happiness prescription for employee | C18: employee satisfaction | D18: Reduce non-communicable diseases prevalence among staff | E18: High | F18: 6 months | G18: High | H18: http://www.hse.ie/eng/services/list/4/Mental_Health_Services/NOSP/Research/socialprescribing.pdf | I18: P
A19: 44182 | B19: Smart Lifestyle applications | C19: The application will aim to change the communities’ current lifestyle to healthy lifestyle | D19: Reduce lifestyle factors that negatively affects the communities’ health | E19: High | F19: 6 months | G19: High | H19: https://zipongo.com/blog/category/nutrition-health/diabetes/ http://fitstar.com/ | I19: A
A20: 44182 | B20: Increase screening programs | C20: Early screening can detect diseases and health problems in early stages | D20: Reduce complications of diseases (e.g. diabetes) | E20: Moderate | F20: 1 year | G20: High | I20: A
A21: 44182 | B21: Improve/contribute to health promoting policy | C21: Health promoting policies encourages the community to practice healthy habits | D21: Reduce lifestyle factors that negatively affects the communities’ health | E21: Low | F21: 2 years | G21: High | I21: A
A22: 44232 | B22: Encourage periodic examination | C22: Insurance companies adopt the principle of conducting a medical examination | D22: Early detection of diseases | E22: Low | F22: 2 years | G22: High | H22: Health insurance companies | I22: P
A23: 44232 | B23: Teaching the community how to cook healthy food | C23: Programs for preparing healthy food and educating girls in schools | D23: Reduce lifestyle factors that negatively affects the communities’ health | E23: High | F23: 6 months | G23: High | H23: Tv stations | I23: A
A24: 44232 | B24: Stickers on food that contain food ingredients | C24: A summary of ingredients and calories | D24: Empower community for healthy choices | E24: High | F24: 1 year | G24: High | H24: Department of Economy | I24: A
A25: 44232 | B25: Organizing medical conferences on the prevention of diabetes | C25: Educating doctors about health programs | D25: Increase the effectiveness of treatment | E25: High | F25: 6 months | G25: High | H25: National Health Authority | I25: A
A26: 44232 | B26: Conducting workshops for healthy living | C26: Engage the community with ideas and the ways to implement them | D26: Reduce lifestyle factors that negatively affects the communities’ health | E26: Moderate | F26: 6 months | G26: High | I26: A
A27: 44232 | B27: Introduce the food portion system in schools | C27: Educate students about food portions in schools | D27: Reduce lifestyle factors that negatively affects the communities’ health | E27: High | F27: 1 year | G27: High | H27: Department of Education | I27: A
A28: 44232 | B28: Create pedestrian routes | C28: Encourage physical activity and exercise | D28: Increase physical activity in the community | E28: High | F28: 2 years | G28: High | I28: P
A29: 44232 | B29: Activity measuring devices | C29: There are devices for tracking physical activity which are linked to an electronic account, these devices later shows all your achievements | D29: Reduce lifestyle factors that negatively affects the communities’ health | E29: High | F29: 6 months | G29: High | H29: Fitbit, Samsung health | I29: A
A30: 44232 | B30: Health Legislation | C30: force restaurants to provide a clear water option along with soft drinks | D30: Reduce lifestyle factors that negatively affects the communities’ health | E30: Moderate | F30: 2 years | G30: Low | I30: P
A31: 44232 | B31: Healthy food applications | C31: Collaborate with popular delivery mobile applications to provide an additional tab to order healthy meals | D31: Reduce lifestyle factors that negatively affects the communities’ health | E31: Moderate | F31: 1 year | G31: High | I31: P
A32: 44232 | B32: Creating a culture targeting healthy people (awareness, education, rehabilitation) for different age groups free of disease. | C32: Change the pattern of thinking and current bad habits with a healthier lifestyle and good habits. | D32: Reduce lifestyle factors that negatively affects the communities’ health | E32: High | F32: 1 year | G32: High | I32: A
A33: 44232 | B33: Create a supportive work environment for health | C33: Support from decision makers: for example: If the managers will change their lifestyle in work to a healthy style it could positively impact their employees | D33: Increase physical activity among staff | E33: Low | F33: 1 year | G33: High | H33: google case study | I33: A
A34: 44232 | B34: Creating a motivational environment for students | C34: Allocate time for the employee to exercise as well as provide sport equipment at work. - Use the work environment to create a healthy and lovable environment. | D34: Increase physical activity among staff | E34: High | F34: 1 year | G34: High | I34: A
A35: 44232 | B35: Know the current status of risk factors based on geographical regions to address the risks and establish priorities, policies and strategies. | C35: Survey and assessment of the population to study the situation. | D35: Reduce lifestyle factors that negatively affects the communities’ health | E35: High | F35: 1 year | G35: High | I35: A
A36: 44232 | B36: Develop policies for unhealthy foods | C36: Raise the costs of advertising or prevent the circulation of advertisements for unhealthy foods. - Providing healthy eating in supermarkets - Reordering food so that unhealthy foods are not visible and not accessible, for example in the upper shelves in the shops. . | D36: Reduce lifestyle factors that negatively affects the communities’ health | E36: High | F36: 1 year | G36: High | I36: A
A37: 44232 | B37: Promote healthy environment in the community | C37: Through awareness of the community, schools and workplaces. • Reading food labels on meals. • Provide walkways and sports gardens. | D37: Reduce lifestyle factors that negatively affects the communities’ health | E37: High | F37: 1 year | G37: High | H37: Schools and Universities | I37: A
A38: 44232 | B38: Creating a healthy environment in the workplace | C38: • Provide sports areas in the workplace. • Provide special discounts for employees in sports clubs and healthily restaurants. | D38: Reduce lifestyle factors that negatively affects the communities’ health | E38: High | F38: 1 year | G38: High | H38: Municipality & Health clubs | I38: P
A39: 44232 | B39: To make/adjust application forms from schools and universities to include a periodic screening for students | C39: Periodic screening blood glucose in schools and universities through the school and university clinics. | D39: Early detection of diseases | E39: High | F39: 1 year | G39: High | H39: School Health units | I39: A
A40: 44232 | B40: Increase Health Awareness Campaigns | C40: Implement awareness campaigns and health education sessions that target schools, universities and clubs Early detection of obesity through these awareness campaigns | D40: Increase awareness among community on non-communicable diseases, | E40: High | F40: 1 year | G40: High | H40: Sports Council, Municipality, Department of Health & Prevention | I40: A
A41: 44232 | B41: Activate the role the media in promoting health to prevent disease | C41: Promoting health messages from NHA to all government authorities. Involve social media influencers | D41: Increase awareness among community on non-communicable diseases, | E41: Moderate | F41: 1 year | G41: High | H41: Sports Council, Municipality, National Health Authority | I41: A
A42: 44232 | B42: Lifestyle and motivational programs for healthy living | C42: Change the behaviours of the community and promote a healthy lifestyle. The development of a curriculum in schools for the different educational stages related to health education | D42: Increase awareness among community on non-communicable diseases, | E42: High | F42: 1 year | G42: High | H42: Department of Education All government authorities | I42: A
A43: 44232 | B43: Indoor activity facilities in public parks | C43: Encourage physical activity and exercise during summer | D43: Increase physical activity | E43: High | F43: 1 year | G43: High | H43: Municipality & Health clubs | I43: P
A44: 44232 | B44: Provide car clinics that are equipped with medical equipment for comprehensive medical examination of diabetes. | C44: The car clinics are a convenient way to diagnose diabetes for those who are too busy to visit the clinic | D44: Early detection of diseases | E44: High | F44: 1 year | G44: Moderate | H44: National Health Authority | I44: A
A45: 44232 | B45: Cooperate with government agencies to conduct a universal periodic examination of employees in government authorities | C45: Employee health | D45: Early detection of diseases | E45: High | F45: 1 year | G45: High | H45: All government authorities | I45: P
A46: 44232 | B46: Collaborate with governmental institutions that have sports clubs by providing special discounts to the members of the social prescription program | C46: Encourage physical activity and exercise | D46: Increase physical activity | E46: Moderate | F46: 6 months | G46: High | H46: All government authorities that have sport clubs | I46: A
A47: 44232 | B47: Cooperation with government institutions and private companies to provide offers and discounts for various activities for members of the social prescription program, for example discounts for health and other restaurants | C47: Encourage physical activity and exercise Encourage healthy food choices | D47: Reduce lifestyle factors that negatively affects the communities’ health | E47: Moderate | F47: 1 year | G47: High | H47: All government authorities & Private companies | I47: P
A48: 44232 | B48: Create Healthy lifestyle clinics in Primary Healthcare facilities | C48: Promoting healthy lifestyle through behaviour change programs | D48: Reduce lifestyle factors that negatively affects the communities’ health | E48: Moderate | F48: 6 months | G48: High | H48: National Health Authority | I48: A
... A56: 44232 | B56: awareness Walks on diabetes | C56: Encourage community and employees to participate in awareness walks to promote minimum type of physical activity (walking) | D56: Increase physical activity | E56: Moderate | F56: 6 months | G56: High | H56: Private and public sector | I56: A

Sheet TOR-T
A1: TERMS OF REFERENCE (TOR) - TASKS for a project on Call Centre Improvement
A3: Steps | B3: Tasks (what do you need to do to complete the step?) | C3: Person(s) undertaking task? | D3: Expected man hours involved? | E3: Expected Costs | H3: Person that ensures task is completed | I3: Planned Start Date | J3: Planned Finish Date | K3: Actual Finish Date | L3: Actual Benefits obtained | N3: Actual man hours taken? | O3: Actual Costs | R3: Comments or Key Findings
E4: Labour | F4: Expenses | G4: Capital | L4: Non-Financial | M4: Financial | O4: Labour | P4: Expenses | Q4: Capital
A5: 1.1 Determine area of focus for benchmarking project | B5: Chris supplied | C5: N.A. | D5: 0 | E5: =D5*CA!$H$3 -> 0 | F5: 0 | G5: 0 | H5: Team leader | I5: N.A. | J5: N.A. | K5: 43840 | O5: =N5*CA!$H$3 -> 0 | P5: 0 | Q5: 0 | R5: Chris supplied
A6: 1.2 Develop project brief | B6: Chris developed Aim, Scope and Background | C6: N.A. | D6: 0 | E6: =D6*CA!$H$3 -> 0 | F6: 0 | G6: 0 | H6: Team leader | I6: N.A. | J6: N.A. | K6: 43840 | N6: 0 | O6: =N6*CA!$H$3 -> 0 | P6: 0 | Q6: 0 | R6: Chris supplied
A7: 1.3 Form project team | B7: Chris formed | C7: N.A. | D7: 0 | E7: =D7*CA!$H$3 -> 0 | F7: 0 | G7: 0 | H7: Team leader | I7: N.A. | J7: N.A. | K7: 43840 | O7: =N7*CA!$H$3 -> 0 | Q7: 0 | R7: Chris supplied
A8: 1.4 Train project team | B8: Plan benchmarking training for the 14 Jan | C8: Craig | D8: 1 | E8: =D8*CA!$H$3 -> 105 | F8: 5000 | G8: 0 | H8: Administrator | J8: 43844 | K8: 43844 | N8: 1.5 | O8: =N8*CA!$H$3 -> 157.5 | P8: 5000 | Q8: 0 | R8: Training completed
A9: 1.5 Understand benchmarking code of conduct | B9: Organise team to sign code of conduct | C9: Phil | D9: 0 | E9: =D9*CA!$H$3 -> 0 | F9: 0 | G9: 0 | H9: Team leader | J9: 43844 | K9: 43844 | N9: 0 | O9: =N9*CA!$H$3 -> 0 | P9: 0 | Q9: 0 | R9: Code signed & copies put on file
A10: 1.6 Prepare Terms of Reference (TOR) | B10: Draft Terms of Reference (Objectves, Stakeholders, Project benefits, Risks) | C10: Phil | D10: 16 | E10: =D10*CA!$H$3 -> 1680 | F10: 0 | G10: 0 | H10: Team leader | I10: 43113 | J10: 43844 | K10: 43844 | N10: 16 | O10: =N10*CA!$H$3 -> 1680 | P10: 0 | Q10: 0 | R10: TOR and Tasks need to be prepared together
A11: 1.7 Develop documentation system | B11: Agree documentation system | C11: Craig | D11: 0 | E11: =D11*CA!$H$3 -> 0 | F11: 0 | G11: 0 | H11: Administrator | I11: 43117 | J11: 43851 | K11: 43849 | N11: 0 | O11: =N11*CA!$H$3 -> 0 | P11: 0 | Q11: 0 | R11: Agreed system setup on O: drive
B12: Set up Dropbox folder and invite members | C12: Johnny | D12: 1 | E12: =D12*CA!$H$3 -> 105 | F12: 0 | G12: 0 | H12: Administrator | I12: 43121 | J12: 43851 | K12: 43849 | N12: 0.2 | O12: =N12*CA!$H$3 -> 21
A13: 1.8 Review project progress and TOR | B13: TRADE Terms stage review meeting | C13: Phil | D13: 5 | E13: =D13*CA!$H$3 -> 525 | F13: 0 | G13: 0 | H13: Team leader | I13: 43117 | J13: 43851 | K13: 43851 | N13: 3 | O13: =N13*CA!$H$3 -> 315 | P13: 0 | Q13: 0
A14: 1.9 Obtain approval to start the next stage of TRADE | B14: Presentation to Sponsor | C14: Team, 5 people + sponsor, 1 hr | D14: 6 | E14: =D14*CA!$H$3 -> 630 | F14: 0 | G14: 0 | H14: Team leader | I14: 43124 | J14: 43858 | K14: 43858 | N14: 12 | O14: =N14*CA!$H$3 -> 1260 | P14: 0 | Q14: 0
A15: TOTALS | D15: =SUM(D5:D14) -> 29 | E15: =SUM(E5:E14) -> 3045 | F15: =SUM(F5:F14) -> 5000 | G15: =SUM(G5:G14) -> 0 | M15: =SUM(M5:M14) -> 0 | N15: =SUM(N5:N14) -> 32.7 | O15: =SUM(O5:O14) -> 3433.5 | P15: =SUM(P5:P14) -> 5000 | Q15: =SUM(Q5:Q14) -> 0

Sheet TOR (example 1)
A1: TERMS OF REFERENCE (TOR) FORM for a project on Innovative Statistics
A3: Organisation: | B3: National Statistics Centre (NSC) | F3: Last Date Revised: | H3: 44468
A5: Project Name: | B5: Innovative Statistics
A7: Project Sponsor and Team Members
A8: Name | B8: Position | C8: Telephone | D8: Email | H8: Project Role
A9: F. Taylor | B9: CEO | H9: Project Sponsor
A10: D. Miller | B10: Director - Strategy & Corporate Governance Office | H10: Project Team Leader
A11: A. Lee | B11: Head -Strategy & Corporate Excellence | H11: Project Benchmarking Facilitator
A12: J. Kelly | B12: Specialist - Quality Systems and Corporate Excellence | H12: Project Team Member
A13: A. Stewart | B13: Head - Corporate Communication & Media | H13: Project Team Member
A14: A. Hernandez | B14: Senior Project Management Executive - PMO | H14: Project Team Member
A15: L. Bell | B15: Head - Creativity & Innovation | H15: Project Administrator
A17: Document Revision History | I17: Project Sponsor
A18: Version | B18: Date | C18: File name | E18: Revision Notes - Reason for change | I18: Reviewed? Yes/No
A19: 1 | B19: 44054 | C19: TRADE 2020.08.11 | E19: Cost estimated for TOR Task Sheet Only | I19: Yes
A20: 2 | B20: 44176 | C20: TRADE 2020.12.11 | E20: Cost estimated for TOR & Review Task Sheets | I20: Yes
A21: 3 | B21: 44209 | C21: TRADE 2021.01.13 | E21: Conducted Review Stage again and implement additional Innovation Maturity self-assessment questionnaire involving 82 employees Change proposed start and finish date of Acquire, Deploy and Evaluate Stages Expected Cost is estimated for TOR, Research Task (1&2) & Acquire Stages | I21: Yes
A22: 4 | B22: 44313 | C22: TRADE 2021.04.27 | E22: Add a member to the team Changes on: - Objective 3, 4 & 5 to be more specified - Expected benefits (Added a benefits related to Innovation Management Standard) - Expected Cost for each stage - Stakeholders (Added Vendors) - Proposed finish date of Acquire Stage | I22: Yes
A23: 5 | B23: 44377 | C23: TRADE 2021.06.30 | E23: Updated Deploy-T, II&BP | I23: Yes
A24: 6 | B24: 44468 | C24: TRADE 2021.09.29 | E24: Updated the financial benefits | I24: Yes
A25: Aim Describe the purpose of the project in one sentence e.g. "To identify & implement best practices in X to improve performance from Y to Z" | B25: To identify best practices in Innovation to enable NSC to develop and implement a strategy for innovation to improve its process and services
A27: Scope What Is included & excluded from the project? Clearly define the boundaries of the project & any time-line/resource constraints | B27: The benchmarking project will include: A) Developing an appropriate Innovation Strategy for NSC Creativity & Innovation Unit. B) Implementing parts of the Innovation Strategy within the time-frame of the project addressing the identified areas (Leadership, Strategic Planning, People, Culture, Processes, Tools and Techniques, Training, Facilities, Idea capture, Idea management and Metrics) through an innovation maturity self-assessment and improving the following: 1. People (Culture): - Awareness of NSC employees and Customers about the importance of innovation 2. Processes: - NSC Process & Services - Idea Management Processes (Suggestions & Complaints) - Innovation Labs and Brain Storming Sessions - Intellectual Property Process 3. Technology: - Suggestions & Complaints Management Systems C) Investigating innovative methods which assist NSC to provide statistical information in a more appealing way (Increase the use of NSC statistical information)
A29: Background Why is the project needed? What are the challenges/ opportunities? Who determined the need? | B29: Our main responsibilities are collecting, analysing and disseminating statistics about the national economy, society and population. NSC established Creativity & Innovation Unit to implement government’s vision and strategy to be aligned with other government departments. The term innovation is new not only in the government but also internationally where there is no certain guideline to follow when establishing and Innovation Strategy and it varies in content from one source to another. In addition, the government is more focused on developing and training departments and employees on federal level. Therefore, NSC wants to be a pioneer in implementing a proper innovation management system which aims to improve and raise the standard of its core business (Statistics) by learning from benchmarking partners and identifying the best practices which is applicable to its field. Due to the importance of innovation in raising the performance of an entity, NSC included it as one of its strategic goals which drives the development of it processes and services. However, statistics field is restricted with specific criteria, formulas and confidentiality, as the data gathered and measured depends on international standards. Nevertheless it is very crucial for NSC develop innovative methods and initiatives to overcome the strategic challenges and raise the awareness of beneficiaries about the importance of statistics in making the right decisions that leads to sustainable economic growth.
A32: Objectives Include SMART objectives with at least one objective per TRADE stage as well as outcome objectives to be measured in the Evaluate stage | B32: Objective 1 - Include the benchmarking project to be as part of Establishment of Creativity & Innovation Unit Project Plan under NSC Projects for the year 2020/2021, in addition to decide and obtain sign off on the Terms of Reference by 8th November 2020
B33: Objective 2 - Review, assess and analyse Innovation Management Maturity Level by 13th January 2021
B34: Objective 3 - Identify best practices in Innovation Management & Innovation Management Standard Implementations (Informal & Formal) by 12th May 2021
B35: Objective 4 - Start implementing quick wins of innovative statistics by Jun 2021
B36: Objective 5 - Implement the initiatives related to Innovation Management & Innovation Management Standard by 28th August 2021
B37: Objective 6 - Evaluate the outcomes of the project with an expected increase in Innovation Management Maturity Level from Level 2 to Level 4 by end of the project and to be Innovation Management Standard Certified by 29th September 2021
A39: Expected Non-Financial Benefits What problems /challenges/ opportunities and performance levels do you expect improvements in? What are the benefits for your stakeholders? Ideally the benefits should be quantifiable showing current performance (and date measured) and expected future performance (by a stated date). | E39: Expected Financial Benefits For every non-financial benefit there is a potential financial benefit. Financial benefits should be shown as monetary values otherwise include in the non-financial column. Financial benefits for your stakeholders may be included.
A40: o Develop & implement Innovation Management Strategy | E40: o Increased use of statistical information by stakeholders leading to better decisions and significant financial benefits to the economy. Such as better planning for the required infrastructure and public services in the next 5 years. o Saving cost of hiring a consultant company to prepare Innovation Strategy Management (Around $50,000).
A41: o Raise level of innovation management maturity level from 53.7% in Jul 2020 (IMS Checklist Rating: Sporadic) to Good or Excellent | E41: o Embedding a culture of innovation DSC is expected to increase staff productivity by 7%
A42: o Improve NSC processes and services | E42: o For meantime no direct financial benefits is measured from project implementation, however, revenue generating and cost reduction will be considered when implementing innovative ideas as it is the main goal of our project. o Increase in number of suggestions by 50% will result in $103k (as a result of more efficient processes and additional services).
A43: o Raising awareness of employees and customers and increase number of suggestions from 186 per month in 2020 to 280 per month in 2021.
A44: o Identify & Implement creative thinking tools to be used in Innovation Labs and Brainstorming Workshops. | E44: o Improving quality of suggestions will result in higher financial gains as well. In 2020, the financial benefit of the suggestions was $68k, a 20% improvement in the quality of suggestions will result in $13600 increase, total of $81.6k.
A45: o Upgrading the suggestions and complains management systems to a state-of-art system.
A46: o Raise number of innovations implemented within the organization by 30%.
A47: o Implement Innovation Management Standard Stages which covers all the gaps and will make the department the 1st in the country to apply the standard. | E47: o Using the standard and its audit will save time as a result of faster identification of gaps, which in turn will lower the project cost.
A49: Expected Cost Completing the cost items in the TRADE-T worksheets will generate a Cost Analysis (CA) worksheet that can assist in estimating the cost items below. | G49: A. Expected Financial Cost (excluding Deploy Stage) | I49: B. Expected Financial Cost of Deploy Stage
A50: Labour - Estimate the number of man hours that need to be invested in the project by your project team and other staff and multiply by an appropriate hourly pay rate | G50: 287280 | I50: 25000
A51: Expenses - Estimate the cost of any incidental/consumable expenses such as food, travel, accommodation, training, consultant fees that may be spent during the project | G51: 30000 | I51: 50000
A52: Capital - Estimate the cost of any equipment/infrastructure items that may need to be purchased. This is usually only applicable for the deploy stage | G52: 0 | I52: 10000
A53: Column Totals: | G53: 317280 | I53: 85000
A54: Expected Cost (A+B): | G54: 402280
A55: Stakeholders List the stakeholder groups that would be interested or impacted by the project | E55: Stakeholder Impact Describe why each stakeholder group would be interested or impacted by the project
A56: o NSC Leaders | E56: Provide resources, approve the proposed changes and implement new innovation strategy
A57: o NSC Employees | E57: The main beneficiaries of the project, they will be required to participate in different activities through the project (such as the innovation maturity assessment, brainstorming sessions)
A58: o External Parties (Government, Business Sector & Individuals) | E58: Customers of NCS services, any change in NCS services will impact them directly
A59: o NSC Strategy & Corporate Excellence Office | E59: The innovation strategy should be part of the overall strategy of NCS and should be conflicting with it. Therefore, the office needs to be close to the development process of the innovation strategy.
A60: o Benchmarking Partners | E60: They will be interested in learning about how we will improve and implement the best practices.
A61: o Vendors of Innovation Management Standard | E61: This is a business opportunity for them, also success of this project will enhance the image of the standard in the region.
A63: Refer to SA Worksheet for full stakeholder analysis
A64: Communication Plan How will each group of stakeholders be involved in the project, communicated with & how often? | B64: The stakeholders will be communicated through the below channels: o Emails: - The project administrator circulates: Agenda, Previous MOM, TRADE Tasks Form and TRADE spreadsheet among project members prior to the meeting - Circulate progress update email to employees focusing on new findings quarterly in an Infographic format o Meetings: - Project members meets on weekly basis with the attendance of the sponsor (if available) - Meeting with leadership team on monthly basis to give an update about the progress of the project o WhatsApp: - Project members will share thoughts and information through a WhatsApp Group which will ensure fast & easy information exchange o Reports: - Raising monthly reports about the progress of the project to all project members after the sign off o Presentations: - Project leader/member present during Leadership Meeting the progress of the project in coordination with PMO team monthly - Project member to share and present progress of the project during Project Progress Sharing Day quarterly o Brainstorming Workshops: - Quarterly workshops with stakeholders (awareness & feedback) o NCS internal newsletter: - Brief update about the project progress in the monthly internal newsletter of NCS.
A67: Task Management How will project tasks be allocated & managed? Indicate if the TRADE Task Worksheets will be used or another method. | B67: Tasks are managed using the TRADE spreadsheet. Steps and tasks are reviewed at regular meetings. Team members are responsible for closing out tasks by the due dates. The Benchmarking Facilitator is responsible for making changes to the TRADE spreadsheet and upload it to the shared drive allocated to the project. Tasks were allocated to team members based on their expertise. Each member is responsible for closing out tasks by the due dates. Team meetings include reviewing and sharing tasks among members for feedback and comments and to take action. Also, during the team meetings, the Gantt Chart is shared and updated to make sure the project is on track. The latest For details, refer to task sheet (TOR-T, Review-T, Acquire-T, Deploy-T, and Evaluate-T)
A68: Change Management How will changes to the project's purpose or approach be managed so that all stakeholders remain engaged. | B68: The Team Leader circulates proposed TOR and TRADE spreadsheet changes to the Project Sponsor who discusses these with the CEO when necessary. Changes are either signed off or discussed if the Project Sponsor wants further amendments to be made. A copy of the final and agreed spreadsheet is circulated to the Project Sponsor and all Team Members within two days of approval. During the team meetings, the approved changes is discussed and distributed for action, if a change is required by a different team (such as IT or HR), then a special meeting is held with them to agree on details.
A69: Risk Identification Describe the key risks that could delay or reduce the impact of the project? Use the next 3 columns to assess the likelihood of each risk and the potential consequences. | D69: Likelihood (L) High=3 Med=2 Low=1 | E69: Consequence (C) Major=3 Moderate=2 Minor=1 | F69: Risk (LxC) | G69: Risk Management For any risk that scores 3 or above describe how the team will manage or mitigate the risk
A70: 1) Undefined innovation management strategy guidelines | D70: 2 | E70: 2 | F70: 4 | G70: 1) Informal benchmarking and implement what is applicable
A71: 2) Unable to find benchmarking partners with high self assessment scores | D71: 2 | E71: 2 | F71: 4 | G71: 2) Search for departments who implemented the same self assessment tools and look for high scores by area of the self-assessment rather than the overall score
A72: 3) Lack of cooperation with other government departments | D72: 3 | E72: 2 | F72: 6 | G72: 3) Open channels with federal departments for the sake of transferring knowledge
A73: 4) Employees change resistance | D73: 2 | E73: 3 | F73: 6 | G73: 4) Conduct periodic brainstorming sessions (awareness & feedback), and keep them informed about project progress via the internal newsletter.
A74: 5) Limitation of budget | D74: 2 | E74: 3 | F74: 6 | G74: 5) Transfer budget from NSC's completed projects to support innovation projects. Also, utilise the internal resources whenever possible.
A75: 6) | G75: 6)
A76: 7) | G76: 7)
A77: Training Do team members require any specific training to fulfil this project? Have all team members been trained in benchmarking? | B77: o Project members should be trained about TRADE methodology and be certified o Creativity & Innovation Head (Member of the Project Team) should be trained about Innovation Terms, Stages and Processes o Project members to be trained on Project Management Methodology
A78: Benchmarking Project Agreement Form Has a benchmarking project agreement form been developed that stipulates adherence to the Benchmarking Code of Conduct and provides ground rules on how the project team should perform its duties? Has it been signed by all team members? Yes/No | F78: o Yes, it is read and understood by all project members. o Benchmarking Project Agreement Form and Project Commitment Forms to be signed by 29th October 2020
A79: TRADE Timeline (If start or finish dates need to change then a new version of the TOR form should be created & signed by the project sponsor) | F79: Proposed Start Date | H79: Proposed Finish Date | I79: Date Completed
A80: Terms of Reference (plan the project) | F80: 25th October 2020 | H80: 8th November 2020 | I80: 8th November 2020
A81: Review (review current state) | F81: 1st November 2020 | H81: 12th November 2020 | I81: 12th November 2020
A82: Acquire (acquire best practices) | F82: 17th January 2021 | H82: This stage of the project will be carried out to the end of the project | I82: Actual Date to be completed as per project plan: Start Date: 17th January 2021 Finish Date: 31st March 2021
A83: Deploy (communicate and implement best practices) | F83: 3rd April 2021 | H83: 28th August 2021 | I83: Actual Date to be completed as per project plan: Start Date: 3rd April 2021 Finish Date: 28th August 2021
A84: Evaluate (evaluate the benchmarking process & outcomes) | F84: 29th August 2021 | H84: 29th September 2021 | I84: Actual Date to be completed as per project plan: Start Date: 29th August 2021 Finish Date: 27th November 2021
A85: Complete the section below at the end of the project
A86: Actual Non-Financial Benefits List the non-financial benefits that have been achieved by the benchmarking project. Ideally the benefits should be quantifiable showing performance at the start of the project (& date measured) & current performance (& date measured). | E86: Actual Financial Benefits List the financial benefits that have been achieved by the benchmarking project. Financial benefits should be shown as monetary values otherwise they should be included in the non-financial column. Financial benefits for your stakeholders may also be included.
A93: Actual Cost Complete the table to show the actual cost of the project. | G93: A. Financial Cost (excluding Deploy Stage) | I93: B. Financial Cost of Deploy Stage
A94: Labour - Calculate by “Man hours invested in the project (by your project team and other staff)” X “hourly pay rate”
A95: Expenses - Calculate the cost of any incidental/consumable expenses such as food, travel, accommodation, training, consultant fees that was spent during the project
A96: Capital - Calculate the cost of any equipment/infrastructure items that were purchased. This is usually only applicable for the deploy stage
A97: Column Totals:
A98: Actual Cost (A+B):

Sheet SA
A1: Stakeholder Analysis form for a project on Baggage Security
A3: Stakeholder Analysis is a useful tool for identifying the importance of the stakeholder to the project. This tool should be used in conjunction with the Communication Plan. Normally, the more important the stakeholder the more frequent the communication should be.
A5: Stakeholder Name | B5: Contact Person | C5: Impact | D5: Influence | E5: What is important to the stakeholder? | F5: How could the stakeholder contribute to the project? | G5: How could the stakeholder block the project? | H5: Strategy for engaging the stakeholder
B6: Phone, Email, Website, Address | C6: How much does the project impact them? (Low, Medium, High) | D6: How much influence do they have over the project? (Low, Medium, High)
A7: Civil Aviation Authority | C7: Low | D7: Medium | E7: Adhere to the international rules and regulations of air safety | F7: Provide required assistance to the project team with regards to civil aviation international rules and regulation | G7: Project requires standardisation of the process by Civil Aviation Authority as they are responsible for implementation of security and safety policies of Aviation Sector | H7: Scheduled Meeting and Emails
A10: Local Airport | C10: High | D10: High | E10: Perfect every passenger journey into a seamless flow and challenge convention to shape a new level in performance and agility | F10: Provide infrastructural and operational support to project team in executing Best Practices identified | G10: Unavailability of infrastructure, or not providing data | H10: Scheduled Meeting and Emails
A13: Airline Companies | C13: High | D13: High | E13: Reduce operational expenses and provide world class services to their customers | F13: Acts as a communication link between passengers and airport authorities and spread awareness regarding implementation of new procedures in the Airport | G13: Inability to reach MOU with the Airport regarding rights and responsibilities of each side | H13: Scheduled Meeting and Emails
A16: Passengers | C16: Medium | D16: Low | E16: Changes in the rules and regulations regarding the authority to the Police to open the bags without calling the passenger. | F16: Sample of the passengers will answer short survey The promotional campaign will target the passengers Adhere to the rules and regulations | G16: The passengers can't block the project, but with low participation, they can affect project success. | H16: Social Media, Surveys and Promotional Campaigns
A19: Benchmarking Partners | C19: Low | D19: Low | E19: Learn about the best practice and difficulties when implementing them. | F19: Source of learning | G19: Sometime the benchmarking partners don't share all the information, as it might affect their image. | H19: Emails, Social Media, Promotional Campaigns, Surveys and Site Visits, adhering to Benchmarking code of Conduct.

Sheet ComP
A1: Communication Plan for a Project on Innovative Statistics
A3: Record how you will involve your project stakeholders throughout the project
A5: TRADE Stage | B5: Name of stakeholder | C5: What needs to be communicated or discussed? | D5: Why? | E5: Method of communication? Email, meeting, focus group, phone call, meeting etc. | F5: Deliverable? Document, report, TOR, agenda, slides etc. | G5: When or how often? | H5: Responsibility?
A6: Terms of Reference
A7: T | B7: NSC Leaders | C7: Brief about the Innovative Statistics Project and TRADE Methodology | D7: Provide support to the project and assign project team members | E7: Meeting | F7: TOR | G7: Once | H7: A. Lee J. Kelly
B8: Project Sponsor | C8: Latest update of project progress | D8: Project sponsor will provide support | E8: Meeting | F8: TRADE Spreadsheet and supporting documents | G8: Bi-Weekly | H8: J. Kelly
B9: NSC Employees | C9: Circulate an article about the latest progress of the project in the monthly newsletter | D9: Raise awareness about the project | E9: Email/Social Media | F9: Article in the newsletter, and internal website (Intranet) | G9: Once per month | H9: A. Hernandez
A11: Review
A12: R | B12: NSC Employees | C12: Innovation Maturity (Organisational-Wide) Self-Assessment (82 employees) | D12: Involve employees in the project and raise awareness and ownership | E12: e-Survey | F12: Survey Results Report | G12: Beginning of the project | H12: A. Stewart A. Hernandez J. Kelly
B13: NSC Employees | C13: discussing the findings of Innovation Maturity self-assessment | D13: Getting the employees feedback, raising awareness and ownership | E13: Focus group | F13: Presentation slides and summary report | G13: After finalising the results | H13: A. Lee | I13: x
B14: NSC Employees | C14: Circulate an article about the latest progress of the project in the monthly newsletter | D14: Raise awareness about the project | E14: Email/Social Media | F14: Article in the newsletter, and internal website (Intranet) | G14: Once per month | H14: A. Hernandez
B15: NSC Customers | C15: Publish an article about the project | D15: Raise awareness about the project | E15: Newspaper/Social Media | F15: Article in the Newspaper, posts in the social media | G15: Posting about the important milestones in the newspaper, regular update in the social media accounts. | H15: A. Hernandez
B16: Project Sponsor | C16: Latest update of project progress | D16: Project sponsor will provide support | E16: Meeting | F16: TRADE Spreadsheet and supporting documents | G16: Bi-Weekly | H16: J. Kelly
B17: Senior Executives | C17: The latest update of project progress and the findings of Review stage | D17: For successful change management and closing the gaps we need the support senior executives | E17: Meeting | F17: Presentation slides and TRADE Spreadsheet | G17: At the end of Review stage | H17: A. Stewart
A18: Acquire
A19: A | B19: NSC Vendors | C19: Request for proposal raised by NSC through Procurement System | D19: Raise proposals about the services and prices provided by vendors and select the best offer | E19: Procurement System Emails Meetings | F19: Technical & Financial Proposals | G19: Weekly for two months | H19: L. Bell D. Howard
B20: NSC Benchmarking Partners | C20: Background of the project and benchmarking requirements | D20: Learn from their best practices | E20: Emails Internet Research Field Visits | F20: Findings Report | G20: Based on need | H20: Project Team Members
B21: Project Sponsor | C21: Latest update of project progress | D21: Project sponsor will provide support | E21: Meeting | F21: TRADE Spreadsheet and supporting documents | G21: Bi-Weekly | H21: J. Kelly
B22: NSC Employees | C22: Circulate an article about the latest progress of the project in the monthly newsletter | D22: Raise awareness about the project | E22: Email/Social Media | F22: Article in the newsletter, and internal website (Intranet) | G22: Once per month | H22: A. Hernandez
B23: NSC Customers | C23: Publish an article about the project | D23: Raise awareness about the project | E23: Newspaper/Social Media | F23: Article in the Newspaper, posts in the social media | G23: Posting about the important milestones in the newspaper, regular update in the social media accounts. | H23: A. Hernandez
B24: Senior Executives | C24: Discussing the latest update of project progress and the recommendations for Deploy stage | D24: Some of the recommendations will require authorising from the senior executives for implementation | E24: Meeting | F24: Presentation slides and TRADE Spreadsheet | G24: At the end of Acquire stage | H24: A. Stewart
A26: Deploy
A27: D | B27: NSC Vendors | C27: Documents related to current status of Innovation Management Standard (TS 16555) parts | D27: Analyse the current status and raise gap analysis report raised the vendor | E27: Emails Field visits/Meetings | F27: * Gap analysis report of Innovation Management Standard * Fulfilment of guideline requirements | G27: Monthly | H27: J. Kelly L. Bell D. Howard
B28: NSC Leaders | C28: TS 16555 parts & guidelines | D28: Raise awareness about the TS 16555 guidelines | E28: Progress Meetings Emails Focus Groups Survey | F28: Maturity Level Assessment report of TS 16555 guidelines | G28: Annually | H28: J. Kelly L. Bell D. Howard
B29: NSC Employees | G29: Bi-Weekly
B30: NSC Benchmarking Partners | C30: Challenges may face the team while implementing TS 16555 parts | D30: Provide support and information to overcome challenges | E30: Emails Field Visits Phone Call | F30: Project Progress Report Findings Report | G30: Based on need | H30: Project Team Members
B31: NSC Customers | C31: Publish an article about the project | D31: Raise awareness about the project | E31: Newspaper/Social Media | F31: Article in the Newspaper, posts in the social media | G31: Posting about the important milestones in the newspaper, regular update in the social media accounts. | H31: A. Hernandez
B32: NSC Customers | C32: Clauses of IMS TS 16555 related to customers | D32: Involvement and participation of customers to meet and exceed their requirements | E32: Surveys Phone Calls Emails Focus Groups | F32: Customer Feedback Report | G32: Based on need | H32: Project Team Members
B33: NSC Strategy & Corporate Excellence Office | C33: Documentation required to meet IMS guidelines | D33: Align the processes and policies with NSC procedure/methodology | E33: Meetings Emails | F33: KPI's Report from PMO Policies & Procedures | G33: Based on need | H33: Project Team Members
B34: Project Sponsor | C34: Latest update of project progress | D34: Project sponsor will provide support | E34: Meeting | F34: TRADE Spreadsheet and supporting documents | G34: Bi-Weekly | H34: J. Kelly
B35: NSC Employees | C35: Circulate an article about the latest progress of the project in the monthly newsletter | D35: Raise awareness about the project | E35: Email/Social Media | F35: Article in the newsletter, and internal website (Intranet) | G35: Once per month | H35: A. Hernandez
B36: Senior Executives | C36: Discussing the latest update of project progress and the recommendations for Deploy stage | D36: Some of the recommendations will require authorising from the senior executives for implementation | E36: Meeting | F36: Presentation slides and TRADE Spreadsheet | G36: At the end of Acquire stage | H36: A. Stewart
A38: Evaluate
A39: E | B39: NSC Vendors | C39: IMS TS 16555 implementation progress | D39: Evaluation of NSC level in the implementation of TS 16555 | E39: Emails Field visits/Meetings | F39: TS 16555 Certification | G39: End of the project | H39: J. Kelly L. Bell D. Howard
B40: NSC Employees | C40: Innovation Maturity (Organisational-Wide) Self-Assessment (82 employees) | D40: Involve employees in the project and raise awareness and ownership | E40: e-Survey | F40: Survey Results Report | G40: End of the project | H40: A. Stewart A. Hernandez J. Kelly
B41: NSC Employees | C41: discussing the findings of Innovation Maturity self-assessment post implementation | D41: Getting the employees feedback, raising awareness and ownership | E41: Focus group | F41: Presentation slides and summary report | G41: After finalising the results | H41: A. Lee
B42: NSC Strategy & Corporate Excellence Office | C42: Innovative Statistics Project progress IMS TS 16555 implementation progress | D42: Evaluate project progress based on PMP | E42: Emails Meetings | F42: Project Plan Progress Report | G42: End of the project | H42: Project Team Members
B43: NSC Leaders | C43: Innovative Statistics Project Progress | D43: Evaluate the project | E43: Emails Meeting Progress Sharing Day | F43: Evaluation Report | G43: End of the project | H43: Project Team Members
B44: Project Sponsor | C44: Latest update of project progress | D44: Project sponsor will provide support | E44: Meeting | F44: TRADE Spreadsheet and supporting documents | G44: Bi-Weekly | H44: J. Kelly
B45: NSC Employees | C45: Circulate an article about the latest progress of the project in the monthly newsletter | D45: Raise awareness about the project | E45: Email/Social Media | F45: Article in the newsletter, and internal website (Intranet) | G45: Once per month | H45: A. Hernandez
B46: NSC Customers | C46: Publish an article about the project achievements | D46: Raise awareness about the project | E46: Newspaper/Social Media | F46: Article in the Newspaper, posts in the social media | G46: Posting an article in the local newspapers and series of social media posts. | H46: A. Hernandez

Sheet CA
A1: COST ANALYSIS (CA)
A3: Insert in the following box the average pay of your team members per hour: | H3: 105
A5: TRADE Stage | B5: Variance $ | F5: Expected Costs $ | J5: Actual Costs $ | N5: TOTAL Actual
B6: Man-hours | C6: Labour | D6: Expenses | E6: Capital | F6: Man-hours | G6: Labour | H6: Expenses | I6: Capital | J6: Man-hours | K6: Labour | L6: Expenses | M6: Capital
A7: Terms | B7: =F7-J7 -> -3.7 | C7: =G7-K7 -> -388.5 | D7: =H7-L7 -> 0 | E7: =I7-M7 -> 0 | F7: ='TOR-T'!D15 -> 29 | G7: ='TOR-T'!E15 -> 3045 | H7: ='TOR-T'!F15 -> 5000 | I7: ='TOR-T'!G15 -> 0 | J7: ='TOR-T'!N15 -> 32.7 | K7: ='TOR-T'!O15 -> 3433.5 | L7: ='TOR-T'!P15 -> 5000 | M7: ='TOR-T'!Q15 -> 0 | N7: =SUM(K7:M7) -> 8433.5
A8: Review | B8: =F8-J8 -> -28 | C8: =G8-K8 -> -2940 | D8: =H8-L8 -> 235 | E8: =I8-M8 -> 0 | F8: ='Review-T'!D15 -> 86 | G8: ='Review-T'!E15 -> 9030 | H8: ='Review-T'!F15 -> 270 | I8: ='Review-T'!G15 -> 0 | J8: ='Review-T'!N15 -> 114 | K8: ='Review-T'!O15 -> 11970 | L8: ='Review-T'!P15 -> 35 | M8: ='Review-T'!Q15 -> 0 | N8: =SUM(K8:M8) -> 12005
A9: Acquire | B9: =F9-J9 -> -59 | C9: =G9-K9 -> -6300 | D9: =H9-L9 -> -4373 | E9: =I9-M9 -> 0 | F9: ='Acquire-T'!D21 -> 217 | G9: ='Acquire-T'!E21 -> 22680 | H9: ='Acquire-T'!F21 -> 2500 | I9: ='Acquire-T'!G21 -> 0 | J9: ='Acquire-T'!N21 -> 276 | K9: ='Acquire-T'!O21 -> 28980 | L9: ='Acquire-T'!P21 -> 6873 | M9: ='Acquire-T'!Q21 -> 0 | N9: =SUM(K9:M9) -> 35853
A10: Deploy | B10: =F10-J10 -> 47 | C10: =G10-K10 -> 5565 | D10: =H10-L10 -> -2004 | E10: =I10-M10 -> -24754 | F10: ='Deploy-T'!D31 -> 345 | G10: ='Deploy-T'!E31 -> 30345 | H10: ='Deploy-T'!F31 -> 0 | I10: ='Deploy-T'!G31 -> 0 | J10: ='Deploy-T'!N31 -> 298 | K10: ='Deploy-T'!O31 -> 24780 | L10: ='Deploy-T'!P31 -> 2004 | M10: ='Deploy-T'!Q31 -> 24754 | N10: =SUM(K10:M10) -> 51538
A11: Evaluate | B11: =F11-J11 -> -2.5 | C11: =G11-K11 -> -472.5 | D11: =H11-L11 -> 0 | E11: =I11-M11 -> 0 | F11: ='Evaluate-T'!D9 -> 26.5 | G11: ='Evaluate-T'!E9 -> 2572.5 | H11: ='Evaluate-T'!F9 -> 0 | I11: ='Evaluate-T'!G9 -> 0 | J11: ='Evaluate-T'!N9 -> 29 | K11: ='Evaluate-T'!O9 -> 3045 | L11: ='Evaluate-T'!P9 -> 0 | M11: ='Evaluate-T'!Q9 -> 0 | N11: =SUM(K11:M11) -> 3045
A13: TOTALS | B13: =F13-J13 -> -46.2 | C13: =G13-K13 -> -4536 | D13: =H13-L13 -> -6142 | E13: =I13-M13 -> -24754 | F13: =SUM(F7:F11) -> 703.5 | G13: =SUM(G7:G11) -> 67672.5 | H13: =SUM(H7:H11) -> 7770 | I13: =SUM(I7:I11) -> 0 | J13: =SUM(J7:J11) -> 749.7 | K13: =SUM(K7:K11) -> 72208.5 | L13: =SUM(L7:L11) -> 13912 | M13: =SUM(M7:M11) -> 24754 | N13: =SUM(N7:N11) -> 110874.5
A15: Totals minus | B15: =B13-B10 -> -93.2 | C15: =C13-C10 -> -10101 | D15: =D13-D10 -> -4138 | E15: =E13-E10 -> 0 | F15: =F13-F10 -> 358.5 | G15: =G13-G10 -> 37327.5 | H15: =H13-H10 -> 7770 | I15: =I13-I10 -> 0 | ... N15: =N13-N10 -> 59336.5
A16: Deploy

Sheet Review-T
A1: REVIEW - TASKS for a project on Call Centre Improvement
A3: Steps | B3: Tasks (what do you need to do to complete the step?) | C3: Person(s) undertaking task? | D3: Expected man hours involved? | E3: Expected Costs | H3: Person that ensures task is completed | I3: Planned Start Date | J3: Planned Finish Date | K3: Actual Finish Date | L3: Actual Benefits obtained | N3: Actual man hours taken? | O3: Actual Costs | R3: Comments or Key Findings
E4: Labour | F4: Expenses | G4: Capital | L4: Non-Financial | M4: Financial | O4: Labour | P4: Expenses | Q4: Capital
A5: 2.1 Understand area of focus to be benchmarked | B5: Review call centre customer data | C5: Cathy, Latoya, Craig, Phil, Johnny | D5: 8 | E5: =D5*CA!$H$3 -> 840 | F5: 0 | G5: 0 | H5: Team Leader | I5: 43861 | J5: 43861 | K5: 43863 | N5: 7 | O5: =N5*CA!$H$3 -> 735 | P5: 0 | Q5: 0 | R5: Involved 3 call centre staff outside project team
B6: Design customer inteview questions | C6: Cathy, | D6: 5 | E6: =D6*CA!$H$3 -> 525 | F6: 0 | G6: 0 | H6: Team Leader | I6: 43861 | J6: 43861 | K6: 43865 | N6: 5 | O6: =N6*CA!$H$3 -> 525 | P6: 0 | Q6: 0
B7: Conduct customer interviews | C7: Craig, Phil, Johnny | D7: 10 | E7: =D7*CA!$H$3 -> 1050 | F7: 250 | G7: 0 | H7: Team Leader | I7: 43861 | J7: 43861 | K7: 43868 | N7: 12 | O7: =N7*CA!$H$3 -> 1260 | P7: 35 | Q7: 0
B8: Review call centre staff exit interviews | C8: Phil, Johnny | D8: 8 | E8: =D8*CA!$H$3 -> 840 | F8: 0 | G8: 0 | H8: Team Leader | I8: 43861 | J8: 43865 | K8: 43862 | N8: 7 | O8: =N8*CA!$H$3 -> 735 | P8: 0 | Q8: 0
B9: Map call centre process | C9: Cathy, Phil, Johnny | D9: 20 | E9: =D9*CA!$H$3 -> 2100 | F9: 20 | G9: 0 | H9: Team Leader | I9: 43861 | J9: 43865 | K9: 43892 | N9: 35 | O9: =N9*CA!$H$3 -> 3675 | P9: 0 | Q9: 0 | R9: Reworked process using value mapping
A10: 2.2 Define performance measures | B10: Brainstorming meeting to decide on performance measures & record selected measures PMR & P Data worksheets | C10: Latoya, Craig, Johnny | D10: 10 | E10: =D10*CA!$H$3 -> 1050 | F10: 0 | G10: 0 | H10: Team Leader | I10: 43865 | J10: 43868 | K10: 43868 | N10: 11 | O10: =N10*CA!$H$3 -> 1155 | P10: 0 | Q10: 0
A11: 2.3 Identify current performance | B11: Collect performance data and record in P Data worksheet | C11: Phil, Johnny | D11: 4 | E11: =D11*CA!$H$3 -> 420 | F11: 0 | G11: 0 | H11: Team Leader | I11: 43868 | J11: 43879 | K11: 43879 | N11: 4 | O11: =N11*CA!$H$3 -> 420 | P11: 0 | Q11: 0
A12: 2.4 Prioritise and finalise the practices to be benchmarked | B12: Review Gap and and SWOT analysis findings and priorities the areas of improvements based on outcomes and difficulty | C12: Cathy, Latoya | D12: 5 | E12: =D12*CA!$H$3 -> 525 | F12: 0 | G12: 0 | H12: Team Leader | I12: 43875 | J12: 43885 | K12: 43900 | N12: 12 | O12: =N12*CA!$H$3 -> 1260 | P12: 0 | Q12: 0
A13: 2.5 Review project progress and TOR | B13: Review stage review meeting | C13: Latoya, Phil, Johnny | D13: 10 | E13: =D13*CA!$H$3 -> 1050 | F13: 0 | G13: 0 | H13: Team Leader | I13: 43886 | J13: 43889 | K13: 43901 | N13: 9 | O13: =N13*CA!$H$3 -> 945 | P13: 0 | Q13: 0
A14: 2.6 Obtain approval to start the next stage of TRADE | B14: Presentation to Sponsor | C14: Team, 5 people + sponsor, 1 hr | D14: 6 | E14: =D14*CA!$H$3 -> 630 | F14: 0 | G14: 0 | H14: Team Leader | I14: 38408 | J14: 43889 | K14: 43901 | N14: 12 | O14: =N14*CA!$H$3 -> 1260 | P14: 0 | Q14: 0
A15: TOTALS | D15: =SUM(D4:D14) -> 86 | E15: =SUM(E4:E14) -> 9030 | F15: =SUM(F4:F14) -> 270 | G15: =SUM(G4:G14) -> 0 | M15: =SUM(M4:M14) -> 0 | N15: =SUM(N4:N14) -> 114 | O15: =SUM(O4:O14) -> 11970 | P15: =SUM(P4:P14) -> 35 | Q15: =SUM(Q4:Q14) -> 0

Sheet Process
A1: PROCESS FLOW CHART
A3: It is recommended that software such as https://www.lucidchart.com/pages/how-to-make-a-flowchart,
A4: https://products.office.com/en/visio/flowchart-software, http://www.smartdraw.com/ or https://www.draw.io/
A5: is used and the charts are copied into excel. If you prefer to use excel directly some symbols are provided below.
A12: Example

Sheet SWOT
A1: SWOT ANALYSIS for a project on Digital Transformation of Contracts
A3: SWOT analysis can be a useful tool for identifying the factors that may hinder or help the achievement of your project aim and assist in further defining the scope of your project. It is useful for identifying the areas that should be benchmarked. Only accept precise, verifiable statements. Answer the question below before proceeding with the SWOT analysis.
A5: What are you trying to improve? (this should be related to the aim of your project) | D5: Processing time of service contracts
B7: INTERNAL FACTORS Consider strengths and weaknesses with respect to your organisation's current approach (for example, these may relate to your services and products, pricing, costs, profitability, performance, quality, people, skills, adaptability, brands, services, reputation, processes and infrastructure).
B8: STRENGTHS What do you do well? What unique resources can you draw on? What do others, such as your stakeholders, see as your strengths? | D8: Rank in IMPORTANCE | E8: WEAKNESSES What could you improve? Where do you have fewer resources than others? What do others, such as your stakeholders, see as your weaknesses? | G8: Rank in IMPORTANCE
B9: 1 | C9: Efficient tender officers | D9: 1 | E9: 1 | F9: Fewer number of tender officers compared to number of projects and contracts | G9: 1
B10: 2 | C10: Reliable electronic system | D10: 2 | E10: 2 | F10: Complicated approver Cycle of the contracts | G10: 1
B11: 3 | C11: Management rotation between section periodically | D11: 2 | E11: 3 | F11: Non-compliance with the electronic system for all contractual stages | G11: 2
B12: 4 | C12: Delegating responsibility is effective in the organisation | D12: 3 | E12: 4 | F12: Depending on Excel files to extract the results of section indicators | G12: 3
B13: 5 | E13: 5 | F13: Complicated approver Cycle for processing the tender documents, processing the tender announcement and the procedures that follow the contractual process | G13: 3
B14: 6 | E14: 6
B15: 7 | E15: 7
B16: 8 | E16: 8
B17: 9 | E17: 9
B18: 10 | E18: 10
B19: 11 | E19: 11
B20: 12 | E20: 12
B21: 13 | E21: 13
B22: 14 | E22: 14
B23: 15 | E23: 15
B24: 16 | E24: 16
B25: 17 | E25: 17
... B28: 20 | E28: 20
B30: EXTERNAL FACTORS Consider opportunities and threats with respect to your organisation's current approach (for example, these may relate to changes in markets, competition, lifestyle changes, fashion, seasonality, economics, politics, society, culture, technology, environmental, media and laws).
B31: OPPORTUNITIES What opportunities are open to you? What trends could you take advantage of? How can you turn your strengths into opportunities? | D31: Rank in IMPORTANCE | E31: THREATS What threats could harm you? What trends can negatively affect you? What threats do your weaknesses expose you to? | G31: Rank in IMPORTANCE
B32: 1 | C32: Full deployment of whole processes in the system | D32: 1 | E32: 1 | F32: Suppliers declining contracts frequently | G32: 1
B33: 2 | C33: Improve and develop contractual operations based on best technological opportunities | D33: 1 | E33: 2 | F33: Fewer number of suppliers quoting | G33: 2
B34: 3 | C34: Escalating & delegating responsibilities & authorities | D34: 2 | E34: 3 | F34: Lack of standard of bid extensions | G34: 2
B35: 4 | C35: Proper scorecards for each tenders electronically and on daily basis | D35: 3 | E35: 4 | F35: Non compliance with the current process from business unit | G35: 3
B36: 5 | E36: 5 | F36: Delay by organizational units in submitting of technical report | G36: 3
B37: 6 | E37: 6
B38: 7 | E38: 7
B39: 8 | E39: 8
B40: 9 | E40: 9
B41: 10 | E41: 10
B42: 11 | E42: 11
B43: 12 | E43: 12
B44: 13 | E44: 13
B45: 14 | E45: 14
B46: 15 | E46: 15
B47: 16 | E47: 16
B48: 17 | E48: 17
... B51: 20 | E51: 20

Sheet Fish
A1: FISHBONE DIAGRAM for a project on Launching a Government HR Think Tank
P4: Name of Category | Q4: Name of Cause | R4: Description of how the "Cause" may impact the "Effect"
P5: Management | Q5: Lack Availability of dedicated resources | R5: The research needs a number of qualified staff to work, otherwise it can't be finished within the timeframe
Q6: No proper facts, data, supporting decision making | R6: Decision-making had to be based on facts and a trustworthy data, otherwise the results will be misleading
Q7: Too many initiatives with lacking strategic priorities | R7: The department is overwhelmed with many initiatives, they have to be priorities based on their strategic importance
Q8: Lacking expertise in managing teams of researchers and driving KPIs | R8: Since this is a new field to us, there is no in-house expert in leading the researchers, which might delay the project till hiring the right person
P10: Stakeholders | Q10: Wide base of stakeholders with varying expectations | R10: To many stakeholders, with each one of them is expecting different output which is putting more pressure to fulfil to many requests
Q11: Resistance towards change | R11: Change resistance will delay the project even further, till it resolved, that can cause a huge waste of resources and time
Q12: Difference in HR maturity levels | R12: When dealing with other HR departments in the gov. entities, it's difficult sometimes to due to the difference in HR maturity, this leads to delays and more unnecessary communication.
P14: Method | Q14: Complexity and diversity of services | R14: It lead to wider scope of work and more resources needed
P16: Measurement | Q16: Backdated and less innovative HR ideas and initiatives | R16: The prime reason for the Research is be prepared for the future, with absence of creativity and new ideas, it will be difficult to achieve this goal
Q17: Lack of clear Measurement parameters | R17: "What can't measured can't be improved", tracking progress in impossible with measurement
P19: Funds | Q19: Lack of budget | R19: The project requires some investments in fixed assist and information databases, without a budget we can't progress in the project.
Q20: Difficult to quantify of Financial Returns | R20: Top leadership require a clear financial return in order to approve the investment, the difficulty of estimating the returns is delaying the project
P22: Material | Q22: IT features and applications | R22: We need to subscribe to special information databases and there are certain requirements that must be met. Therefore, we need to upgrade our systems or we can't get access.

Sheet Gap 
A1: GAP ANALYSIS - CURRENT VERSUS DESIRED STATE for a project on Developing a masterplan for innovation ecosystem
A3: What is the current and desired state of the opportunity or challenge that is being faced? Analysis techniques such as SWOT/Fishbone should be used to identify the key challenges and prioritise their importance. These can then be transferred to the Gap Analysis Form to specify the current state, desired state and "best practice search" or "action" required to close the gap. If "actions" these should be transferred to the II&BP Form. The themes/pillars of Management, Man, Method, Measurement, Machine and Material can be changed to fit the project and are likely to match those used in the Fishbone diagram or other analysis techniques.
E4: Best Practice Search or Action to Close the Gap (Actions should be copied to the II&BP Form) | F4: Rank the Best Practice Searches in Order of Importance for each theme/pillar
B5: Themes | C5: Current State | D5: Desired State
B6: Strategy Idea Capture Idea Mgmt. Tools Process | C6: No updated clearly defined innovation management Framework Strategy & processes | D6: Develop innovation Strategy, Framework, & Processes | E6: To find best practices in develop working document for innovation management framework in the organisation) | F6: 8
C7: No clear relation between innovation products and related processes | D7: initiate clear track for producing innovation products (from ideas/ suggestions to reality/actual outcomes and benefits ) | E7: To find best practices in producing innovation products (ideas, business challenges, campaigns and crowd sourcing & collaboration). | F7: 12
C8: Under developed ideas management system | D8: Functional and effective idea management system from idea capture, ideas evaluation, to implementation , impact assessment & measuring ROI | E8: To find best practices in implementations of key elements (e- suggestion scheme, rewards system, encourage and support ideas implementation, ideas scoring methodology, ideas / innovative ideas dashboards. Etc) | F8: 2
C9: Rewards system need to be updated for internal and external parties | D9: Effective reward innovation & ideas reward system. | E9: To find best practices in reward policy & process, resource availability, Leadership engagement and support | F9: 4
C10: Innovation knowledge management/ databases/ Resources needs to be developed to support learning and continuous improvement | D10: Develop comprehensive innovation knowledge management system | E10: To find best practices in development of innovation knowledge management system (Planning, defining & Identifying internal sources of data and information including: innovative ideas, total ideas, reports, best practices projects, prototypes, Potential Ips & patents, training materials, newsletters, brochures, visual, books, policies & procedures …etc) | F10: 1
C11: No defined structured approach for conducting innovation labs | D11: Innovation lab guidelines based on best practices and clear benchmark | E11: Finding best practice related to establishing innovation labs guidelines (themes, reports, recommendations. Etc) | F11: 11
C12: No clear direction or approach to define and engage partnerships in innovation | D12: Develop potential partnerships map & profile | E12: Finding best practices in Developing potential partnerships (that include: Engagement plan, communication, collaborations, explore future joint projects). | F12: 6
C13: No allocated budget to support innovation strategy and projects | D13: Plan and drive budgeting decision it support innovation activities | E13: Finding best practice in planning and driving budgeting (Initiate discussion and joint planning in collaboration with finance section (innovation section) | F13: 9
C14: Innovation strategy needs to be updated and communicated | D14: Update strategy and communicate internally | E14: Engage with internal and external stakeholders, explore potential partnerships, update current Innovation strategy, conduct awareness session , and continuous feedback | F14: 7
C15: no approach for open innovation | D15: Develop approach and educate & enhance awareness stakeholders | E15: Finding best practices in enhancing awareness of employees on a certain topic. | F15: 5
C16: No dedicated unit for innovation | D16: Specialized unit with the right expertise | E16: Finding best practices in establishing a unit to oversee innovation. | F16: 3
C17: No plans for benchmarking visits to enhance learning in the area of innovation management | D17: Establish best practices guidelines and process, benchmarking visit schedule | E17: Finding best practices in planning for benchmarking visits (including developing guideline, approval and communication, identify the potential benchmarking partners, initial visit schedule and conduct report and recommendations | F17: 10
B18: Leadership People Training | C18: Lack of planned and structured innovation training (specialised and general) | D18: Structured training program with clear targets and plans | E18: Finding best practices in training development (that include Assessing awareness and maturity, Map the current training programs and existing training partners, proposing types of training according to target groups, and building training programs) | F18: 3
C19: No clear approach to motivating and rewarding people | D19: High engagement and trust in innovation management system | E19: Finding best practices in improving engagement (Communications, awareness, recognition, support and encouragement, by ensuring employees enrolment in training, involvements in think tanks and innovation labs, & by supporting their suggestions & rewarding engagement & contribution) | F19: 5
C20: No innovation communication plan, tools and channels | D20: Clear structured approach and plan to support innovation communication through different innovative out of box channels | E20: Finding best practices in internal communication (to review current innovation communication plan, establish innovation communication plan , create awareness) | F20: 7
C21: No targeted well structured specialized training program for innovation champions and experts / databased of trained and skilled individuals | D21: identify innovation pioneers/champions/ ambassadors within organization, and explore suitable programs | E21: Finding best practices in promoting ideas within the organisation (Develop specific criteria to identify innovators, create internal database, engage them in innovation projects and innovation activities) | F21: 6
C22: Inadequate/unplanned/ collaboration and joint projects with any potential collaborators | D22: Potential partners mapping & prioritization | E22: Finding best practices in finding benchmarking partners (exploring future partners and innovation collaborations opportunities) | F22: 2
C23: Employee individual performance contract lacks any innovation related KPIs relevant to innovation or ideation/suggestions... Etc | D23: Encourage the presence of targeted innovation KPIs for all employees | E23: Finding best practices for getting internal support to drive an initiative. | F23: 4
C24: Unclear Leadership engagement and support for Innovation | D24: Engaged leadership, present, aware, encouraging | E24: Finding best practices in communicating updates/progress to leadership. | F24: 1
B25: Metrics & Performance | C25: No updated assessment for innovation awareness & innovation maturity | D25: Updated assessment for innovation awareness & innovation maturity | E25: Finding best practices in measuring innovation maturity level using multiple channels (focus groups, voting, survey) | F25: 3
C26: No Innovation management KPIs /Metrics | D26: Clear AND communicated innovation metrics with targets and clear ownership | E26: Finding best practices in setting innovation KPIs (including scope and targets, identifying responsible party to achieve the results, communicate, agree and monitor progress) | F26: 1
C27: No periodic reports to monitor and improve innovation management | D27: Periodic and annual report on innovation achievements & learnings | E27: Finding best practices in generating progress reports (including defining and deciding what aspects of innovation management outcome to report on and frequency & type of reports) | F27: 2

Sheet PMR
A1: PERFORMANCE MEASURES RECORD (PMR) TABLES for a project on Baggage Safety
A3: Record here the Performance Measures you will use to assess the success of your project. Complete a new table for each measure.
A5: Performance Measure Record No.1 | F5: Performance Measure Record No.2
A6: Name of measure | B6: Increase Baggage Clearance Rate on level 2 | F6: Name of measure | G6: Increase Baggage Clearance Rate on level 4
A7: Type of measure | B7: Quality | F7: Type of measure | G7: Quality
A8: Purpose | B8: Reduce total number of bags transferred to level 3 for further inspection | F8: Purpose | G8: Reduce total number of bags transferred to level 5 for further inspection
A9: Relates to | B9: Operations in Baggage Handling System | F9: Relates to | G9: Operations in Baggage Handling System
A10: Current performance | B10: 0.95 | C10: Date measured | D10: Q1 2021 | F10: Current performance | G10: 0.872 | H10: Date measured | I10: Q1 2021
A11: Benchmark (if known) | B11: Not available | C11: Date & data source | F11: Benchmark (if known) | G11: Not available | H11: Date & data source
A12: Target | B12: 0.99 | C12: Date to achieve by | D12: 44531 | F12: Target | G12: 0.93 | H12: Date to achieve by | I12: 44531
A13: Formula | B13: (No.of bags cleared at L2 / total no.of bags in all terminals * 100) - 100% | F13: Formula | G13: (No.of bags cleared at L4 / total no.of bags in terminals * 100) - 100%
A14: Frequency | B14: Daily | F14: Frequency | G14: Daily
A15: Who measures? | B15: Baggage Operations Officers | F15: Who measures? | G15: Baggage Operations Officers
A16: Source of data | B16: Airport database | F16: Source of data | G16: Airport database
A17: Who acts on the data? | B17: Airport Police, Airport operations | F17: Who acts on the data? | G17: Airport Police, Airport operations
A18: What do they do? | B18: Analyse the data, assess the situation, launch improvement projects | F18: What do they do? | G18: Analyse the data, assess the situation, launch improvement projects
A20: Notes and comments | F20: Notes and comments
A25: Performance Measure Record No.3 | F25: Performance Measure Record No.4
A26: Name of measure | B26: Decrease restricted items in the checked-in bags | F26: Name of measure | G26: Number of flights delayed due to summoning passenger
A27: Type of measure | B27: Quality | F27: Type of measure | G27: Time
A28: Purpose | B28: Measure number of bags that contain restricted items | F28: Purpose | G28: Measure number of flights that get delayed due to summoning passengers
A29: Relates to | B29: Baggage security unit | F29: Relates to | G29: Baggage security unit
A30: Current performance | B30: 37 per 1000 bags per day | C30: Date measured | D30: Q1 2021 | F30: Current performance | G30: 42 per 1000 flight per day | H30: Date measured | I30: Q1 2021
A31: Benchmark (if known) | B31: Not available | C31: Date & data source | F31: Benchmark (if known) | G31: Not available | H31: Date & data source
A32: Target | B32: 15 per 1000 bags | C32: Date to achieve by | D32: 44531 | F32: Target | G32: 27 per 1000 flight per day | H32: Date to achieve by | I32: 44531
A33: Formula | B33: (Number of bags containing restricted item / total number of bags) * 1000 | F33: Formula | G33: (Number of flights delays / total number of flights per day) * 1000
A34: Frequency | B34: Daily | F34: Frequency | G34: Daily
A35: Who measures? | B35: Baggage Operations Officers | F35: Who measures? | G35: Baggage Operations Officers
A36: Source of data | B36: Airport database | F36: Source of data | G36: Airport database
A37: Who acts on the data? | B37: Airport Police, Airport operations | F37: Who acts on the data? | G37: Airport Police, Airport operations
A38: What do they do? | B38: Analyse the data and improve the awareness campaigns | F38: What do they do? | G38: Analysis the data and improve the procedures
A40: Notes and comments | F40: Notes and comments
A45: Performance Measure Record No.5
A46: Name of measure | B46: Number of Passenger Summoned for inspection
A47: Type of measure | B47: Cost
A48: Purpose
A49: Relates to | B49: Baggage security unit
A50: Current performance | B50: 57 per 10000 passengers per day | C50: Date measured | D50: Q1 2021
A51: Benchmark (if known) | B51: Not available | C51: Date & data source
A52: Target | B52: 35 per 10000 passengers per day | C52: Date to achieve by | D52: 44531
A53: Formula | B53: (Number of summoned passenger/ total number of passengers) * 10000
A54: Frequency | B54: daily
A55: Who measures? | B55: Baggage Operations Officers
A56: Source of data | B56: Airport database
A57: Who acts on the data? | B57: Airport Police, Airport operations
A58: What do they do? | B58: Analysis the data and improve the procedures
A60: Notes and comments

Sheet P Data
A1: PERFORMANCE DATA for a project on Enabling Happiness (Improving employees' happiness)
A3: Record here the performance for each performance measure from the start to the end of the project. The PMR No. should be copied from the PMR worksheet. Performance should be tracked weekly or at least monthly for most measures.
C5: Record Performance
A6: PMR No. | B6: Name of performance measure | C6: 2020 | D6: 2021 | E6: 1st Quarter | F6: 2nd Quarter | G6: 3rd Quarter | H6: 4th Quarter | I6: January | J6: February | K6: March | L6: April | M6: May | N6: June | O6: July | P6: August | Q6: September | R6: October | S6: November | T6: December | U6: January
A7: 1 | B7: Employee absenteeism | C7: 0.15 | D7: =AVERAGE(I7:T7) -> 0.10833333 | E7: =AVERAGE(I7:K7) -> 0.14666667 | F7: =AVERAGE(L7:N7) -> 0.13333333 | G7: =AVERAGE(O7:Q7) -> 0.096666667 | H7: =AVERAGE(R7:T7) -> 0.056666667 | I7: 0.15 | J7: 0.14 | K7: 0.15 | L7: 0.16 | M7: 0.14 | N7: 0.1 | O7: 0.1 | P7: 0.11 | Q7: 0.08 | R7: 0.08 | S7: 0.05 | T7: 0.04 | U7: 0.04
A8: 2 | B8: Employee satisfaction | C8: 0.64 | D8: =AVERAGE(I8:T8) -> 0.70916667 | E8: =AVERAGE(I8:K8) -> 0.64666667 | F8: =AVERAGE(L8:N8) -> 0.66333333 | G8: =AVERAGE(O8:Q8) -> 0.71666667 | H8: =AVERAGE(R8:T8) -> 0.81 | I8: 0.65 | J8: 0.63 | K8: 0.66 | L8: 0.67 | M8: 0.62 | N8: 0.7 | O8: 0.68 | P8: 0.72 | Q8: 0.75 | R8: 0.78 | S8: 0.82 | T8: 0.83 | U8: 0.82
A9: 3 | B9: Avg No. of employees complains and grievances per month | C9: 34 | D9: =AVERAGE(I9:T9) -> 24.916667 | E9: =AVERAGE(I9:K9) -> 39 | F9: =AVERAGE(L9:N9) -> 27.666667 | G9: =AVERAGE(O9:Q9) -> 19.666667 | H9: =AVERAGE(R9:T9) -> 13.333333 | I9: 40 | J9: 41 | K9: 36 | L9: 37 | M9: 25 | N9: 21 | O9: 22 | P9: 20 | Q9: 17 | R9: 17 | S9: 11 | T9: 12 | U9: 9
A10: 4 | B10: Average Number of resignations per month | C10: 8 | D10: =AVERAGE(I10:T10) -> 7.1666667 | E10: =AVERAGE(I10:K10) -> 10 | F10: =AVERAGE(L10:N10) -> 8 | G10: =AVERAGE(O10:Q10) -> 6.3333333 | H10: =AVERAGE(R10:T10) -> 4.3333333 | I10: 12 | J10: 10 | K10: 8 | L10: 9 | M10: 7 | N10: 8 | O10: 6 | P10: 5 | Q10: 8 | R10: 5 | S10: 4 | T10: 4 | U10: 4
A11: 5 | B11: Number of suggestions/ideas approved per month | C11: 40 | D11: 50 | E11: 38 | F11: 45 | G11: 54 | H11: 60 | I11: 35 | J11: 38 | K11: 41 | L11: 39 | M11: 43 | N11: 52 | O11: 56 | P11: 55 | Q11: 56 | R11: 57 | S11: 61 | T11: 62 | U11: 61
A12: 6 | C12: 0 | D12: =AVERAGE(I12:T12) -> #DIV/0! | E12: =AVERAGE(I12:K12) -> #DIV/0! | F12: =AVERAGE(L12:N12) -> #DIV/0! | G12: =AVERAGE(O12:Q12) -> #DIV/0! | H12: =AVERAGE(R12:T12) -> #DIV/0!
A13: 7 | C13: 0 | D13: =AVERAGE(I13:T13) -> #DIV/0! | E13: =AVERAGE(I13:K13) -> #DIV/0! | F13: =AVERAGE(L13:N13) -> #DIV/0! | G13: =AVERAGE(O13:Q13) -> #DIV/0! | H13: =AVERAGE(R13:T13) -> #DIV/0!
A14: 8 | C14: 0 | D14: =AVERAGE(I14:T14) -> #DIV/0! | E14: =AVERAGE(I14:K14) -> #DIV/0! | F14: =AVERAGE(L14:N14) -> #DIV/0! | G14: =AVERAGE(O14:Q14) -> #DIV/0! | H14: =AVERAGE(R14:T14) -> #DIV/0!
A15: 9 | C15: 0 | D15: =AVERAGE(I15:T15) -> #DIV/0! | E15: =AVERAGE(I15:K15) -> #DIV/0! | F15: =AVERAGE(L15:N15) -> #DIV/0! | G15: =AVERAGE(O15:Q15) -> #DIV/0! | H15: =AVERAGE(R15:T15) -> #DIV/0!
A16: 10 | C16: 0 | D16: =AVERAGE(I16:T16) -> #DIV/0! | E16: =AVERAGE(I16:K16) -> #DIV/0! | F16: =AVERAGE(L16:N16) -> #DIV/0! | G16: =AVERAGE(O16:Q16) -> #DIV/0! | H16: =AVERAGE(R16:T16) -> #DIV/0!
B18: Indicate any major event such as start of project, improvements to the process that could affect performance | J18: Project start 12/02/2020 | L18: Review stage completed | M18: Quick Wins: Regular staff meetings introduced, Social committee/ events started | N18: Quick Wins: Weekly leaderhip memo introduced to improve communication | O18: Acquire stage completed | P18: Deployment stage started - Phase 1 | S18: Deployment stage started - Phase 2

Sheet P Graphs
A1: PERFORMANCE GRAPHS
A3: The data in the P Data Worksheets shoud be shown as graphs in this worksheet for ease of monitoring.

Sheet Acquire-T
A1: ACQUIRE - TASKS for a project on Call Centre Improvement
A3: Steps | B3: Tasks (what do you need to do to complete the step?) | C3: Person(s) undertaking task? | D3: Expected man hours involved? | E3: Expected Costs | H3: Person that ensures task is completed | I3: Planned Start Date | J3: Planned Finish Date | K3: Actual Finish Date | L3: Actual Benefits obtained | N3: Actual man hours taken? | O3: Actual Costs | R3: Comments or Key Findings
E4: Labour | F4: Expenses | G4: Capital | L4: Non-Financial | M4: Financial | O4: Labour | P4: Expenses | Q4: Capital
A5: 3.1 Develop a best practice research plan | B5: Plan the benchmarking methods to use to fit within the project time-line | C5: Cathy, Latoya, Craig, Phil, Johnny (5 people, 2hrs meeting) | D5: 10 | E5: =D5*CA!$H$3 -> 1050 | F5: 0 | G5: 0 | H5: Team Leader | I5: 44648 | J5: 44650 | K5: 44294 | N5: 12 | O5: =N5*CA!$H$3 -> 1260 | P5: 0 | Q5: 0 | R5: Phil & Latoya completed
A6: 3.2 Establish best practice research criteria | B6: Review gap analysis and develop best practice research criteria | C6: Cath 5 hrs followed by 1hr meeting 5 people to finalise | D6: 10 | E6: =D6*CA!$H$3 -> 1050 | F6: 0 | G6: 0 | H6: Team Leader | I6: 44650 | J6: 44656 | K6: 44661 | N6: 10 | O6: =N6*CA!$H$3 -> 1050 | P6: 0 | Q6: 0
A7: 3.3 Undertake best practice research | B7: Desktop research to complete Best Practice Research Form | C7: Laytoya & Johnny 20 hrs each | D7: 40 | E7: =D7*CA!$H$3 -> 4200 | F7: 0 | G7: 0 | H7: Team Leader | I7: 44301 | J7: 44676 | K7: 44316 | N7: 50 | O7: =N7*CA!$H$3 -> 5250 | P7: 0 | Q7: 0 | R7: Customer feedback on reasons for complaints
B8: Focus group to brainstorm potential benchmarking partners to combine with Best Practice Research | C8: Meeting 8 people, 2 hrs | D8: 16 | E8: =D8*CA!$H$3 -> 1680 | F8: 0 | G8: 0 | H8: Team Leader | I8: 44316 | J8: 44681 | K8: 44330 | N8: 16 | O8: =N8*CA!$H$3 -> 1680 | P8: 0 | Q8: 0
B9: Two expert presentations to be arranged and delivered on the topic (academics/consultants) | C9: Planning Craig 5 hrs, 2 presentations and 8 people to attend 1 hr f | D9: 21 | E9: =D9*CA!$H$3 -> 2205 | F9: 0 | G9: 0 | H9: Team Leader | I9: 44682 | J9: 44695 | K9: 44695 | N9: 32 | O9: =N9*CA!$H$3 -> 3360 | P9: 0 | Q9: 0
B10: Find contact details of potential benchmarking partners | C10: Latoya | D10: 5 | E10: =D10*CA!$H$3 -> 525 | F10: 0 | G10: 0 | H10: Team Leader | I10: 44330 | J10: 44696 | K10: 44699 | N10: 8 | O10: =N10*CA!$H$3 -> 840 | P10: 0 | Q10: 0
A11: 3.4 Invite and acquire benchmarking partners | B11: Plan how to contact benchmarking partners, what will be discussed and the desired outcome. | C11: Phil, Johnny, 2hr meeting for 2 people | D11: 4 | E11: =D11*CA!$H$3 -> 420 | F11: 0 | G11: 0 | H11: Team Leader | I11: 44699 | J11: 44699 | K11: 44703 | N11: 5 | O11: =N11*CA!$H$3 -> 525 | P11: 0 | Q11: 0
B12: Make contact with upto 8 potential benchmarking partners to secure a preliminary meeting to discuss if they would like to serve as a benchmarking partner | C12: Phil, Johnny, 5hr | D12: 5 | E12: 420 | F12: 0 | G12: 0 | H12: Team Leader | I12: 44700 | J12: 44707 | K12: 44707 | N12: 5 | O12: 525 | P12: 0 | Q12: 0
B13: Undertake preliminary meetings with benchmarking partners to secure their participation and plan full site visit agendas. Secure a minimum of 3 site visits. | C13: Phil, Latoya | D13: 12 | E13: =D13*CA!$H$3 -> 1260 | F13: 0 | G13: 0 | H13: Team Leader | I13: 44708 | J13: 44720 | K13: 44727 | N13: 14 | O13: =N13*CA!$H$3 -> 1470 | P13: 0 | Q13: 0 | R13: Site visits arranged
A14: 3.5 Learn from benchmarking partners | B14: Prepare site visit interview questions and finalise site visit agenda for each visit | C14: Phil, Latoya, 10 hrs followed by team meeting (5 people, 2hrs meeting) | D14: 20 | E14: =D14*CA!$H$3 -> 2100 | F14: 0 | G14: 0 | H14: Team Leader | I14: 44708 | J14: 44727 | K14: 44737 | N14: 32 | O14: =N14*CA!$H$3 -> 3360 | P14: 0 | Q14: 0 | R14: Interview questions completed
B15: Undertake site visits and online meetings | C15: All the team, 5 people, for 4 visits - 4hrs each & 3 online meetings with 3 team members , 2hrs each | D15: 26 | E15: =D15*CA!$H$3 -> 2730 | F15: 2500 | G15: 0 | H15: Team Leader | I15: 44367 | J15: 44418 | K15: 44785 | N15: 36 | O15: =N15*CA!$H$3 -> 3780 | P15: 6873 | Q15: 0 | R15: All involved in each 1 day site visit - 4 visits and 3 online meetings
A16: 3.6 Analysis of best practices | B16: Prepare benchmarking site visits reports (BVR worksheet) for each visit and online meeting | C16: Johnny, Latoya, 3hrs per report | D16: 21 | E16: =D16*CA!$H$3 -> 2205 | F16: 0 | G16: 0 | H16: Team Leader | I16: 44732 | J16: 44783 | K16: 44786 | N16: 24 | O16: =N16*CA!$H$3 -> 2520 | P16: 0 | Q16: 0 | R16: Report completed and circulated
A17: 3.7 Formulate recommendations | B17: Agree on initiatives for implementation combining the best improvement ideas and best practices using BPSM and II&BP | C17: Phil, Latoya, 10 hrs followed by team meeting (5 people, 2hrs meeting) | D17: 8 | E17: =D17*CA!$H$3 -> 840 | F17: 0 | G17: 0 | H17: Team Leader | I17: 44783 | J17: 44788 | K17: 44788 | N17: 12 | O17: =N17*CA!$H$3 -> 1260 | P17: 0 | Q17: 0 | R17: Identified best practice call centres
B18: Formulate detailed recommendations report | C18: Phil, Latoya, 8 hrs | D18: 8 | E18: =D18*CA!$H$3 -> 840 | F18: 0 | G18: 0 | H18: Team Leader | I18: 44788 | J18: 44791 | K18: 44791 | N18: 6 | O18: =N18*CA!$H$3 -> 630 | P18: 0 | Q18: 0
A19: 3.8 Review project progress and TOR | B19: TRADE Acquire stage review meeting | C19: Team meeting 5 people 1hr | D19: 5 | E19: =D19*CA!$H$3 -> 525 | F19: 0 | G19: 0 | H19: Team Leader | I19: 44793 | J19: 44793 | K19: 44793 | N19: 8 | O19: =N19*CA!$H$3 -> 840 | P19: 0 | Q19: 0 | R19: Underestimated site visit cost
A20: 3.9 Obtain approval to start the next stage of TRADE | B20: Presentation to Sponsor | C20: Team, 5 people + sponsor, 1 hr | D20: 6 | E20: =D20*CA!$H$3 -> 630 | F20: 0 | G20: 0 | H20: Team Leader | I20: 44797 | J20: 44797 | K20: 44797 | N20: 6 | O20: =N20*CA!$H$3 -> 630 | P20: 0 | Q20: 0 | R20: Approve of $25,000 capital expenditure
A21: TOTALS | D21: =SUM(D5:D20) -> 217 | E21: =SUM(E5:E20) -> 22680 | F21: =SUM(F5:F20) -> 2500 | G21: =SUM(G5:G20) -> 0 | M21: =SUM(M11:M20) -> 0 | N21: =SUM(N5:N20) -> 276 | O21: =SUM(O5:O20) -> 28980 | P21: =SUM(P5:P20) -> 6873 | Q21: =SUM(Q5:Q20) -> 0

Sheet Criteria
A1: BEST PRACTICE SEARCH CRITERIA on Conquering Covid-19
A3: Pillars/Themes | B3: Best practice search areas (maximum of 6 areas per pillar, write in a way that they are non-industry specific): | C3: Best practice search questions (industry specific questions may be included if relevant) | D3: Rationale for questions (what is the rationale for asking the question, why is this question important to answer?)
A4: 1. Societal Behaviour (Covid Pandemic) | B4: 1. Maintaining Social Distancing & Hygiene Practices | C4: 1a) Cities/States/Countries that have implemented Social distancing successfully? | D4: To learn about overall approaches to social distancing
C5: 1b) Best practices for personal hygiene to limit the spread of the virus? Which society’s have been most successful in changing personal hygiene behaviour? | D5: To learn best practices in personal hygeine
C6: 1c) Best practices in social distancing & hygiene practices in malls? | D6: To learn specifically about best practices in malls as major risk area
C7: 1d) Best practices in social distancing & hygiene practices in labour camps/shared accommodation (review Singapore & other countries that have these) | D7: To learn specifically about best practices in labour camps as major risk area
C8: 1e) Best practices in social distancing & hygiene practices in transport (metro/buses/taxis) | D8: To learn specifically about best practices on public transport as major risk area
C9: 1f) Best practices in communicating the importance of social distancing & hygiene (particularly in multiple languages) | D9: To learn specifically about best practices on communication to encourage responsible behaviour
C10: 1g) What global travel may look like? | D10: To learn best practices in global travel as major part of our economy
B11: 2. Personal Well-being (personal or self-care, physical exercise, mental health, impact of losing job or income, ability to access entertainment/events etc. | C11: 2a)
C12: 2b)
C13: 2c)
C14: 2d)
C15: 2e)
B16: 3. Distance Learning | C16: 3a)
C17: 3b)
C18: 3c)
C19: 3d)
C20: 3e)
B21: 4. Working Remotely | C21: 4a)
C22: 4b)
C23: 4c)
C24: 4d)
C25: 4e)
B26: 5. Consumer buying behaviour | C26: 4a)
C27: 4b)
C28: 4c)
C29: 4d)
C30: 4e)
B31: 6. New Societal Opportunities (opportunities for a greener economy, less pollution, opportunity to build a stronger more caring community etc…..). | C31: 4a)
C32: 4b)
C33: 4c)
C34: 4d)
C35: 4e)
A36: 2. Crisis Management | B36: 1. | C36: 1a)
C37: 1b)
C38: 1c)
C39: 1d)
C40: 1e)
B41: 2. | C41: 2a)
C42: 2b)
C43: 2c)
C44: 2d)
C45: 2e)
B46: 3. | C46: 3a)
C47: 3b)
C48: 3c)
C49: 3d)
C50: 3e)
B51: 4. | C51: 4a)
C52: 4b)
C53: 4c)
C54: 4d)
C55: 4e)
A56: 3. Health | B56: 1. | C56: 1a)
C57: 1b)
C58: 1c)
C59: 1d)
C60: 1e)
B61: 2. | C61: 2a)
C62: 2b)
C63: 2c)
C64: 2d)
C65: 2e)
B66: 3. | C66: 3a)
C67: 3b)
C68: 3c)
C69: 3d)
C70: 3e)
B71: 4. | C71: 4a)
C72: 4b)
C73: 4c)
C74: 4d)
C75: 4e)

Sheet Search1
A2: Click on the Search Form to view it in full

Sheet Search2
A1: BEST PRACTICE SEARCH FORM for a project on Enabling Happiness (Improving employees' happiness)
A3: Describe upto 6 best practices being searched for (write in such a way that most are non-industry specific): | B3: 1- Approaches to quickly transform a dispirited work culture into a highly motivated, engaged and happy work culture.
B4: 2- Strategies/initiatives that have resulted in high levels of employee engagement/happiness.
B5: 3- Senior leadership team as role models in creating a high-performance workforce.
B6: 4- Developing an environment where there is excellent communication and cooperation between all staff.
B7: 5- Performance Management Systems for measuring and improving the performance of employees.
B8: 6- Role and structure of Human Resource Department to support a high-performance work culture.
A10: Search No.1 (copy text of 1st best practice search): | B10: 1- Approaches to quickly transform a dispirited work culture into a highly motivated, engaged and happy work culture. | D10: Describe the practices/information related to Search No. 1 that should also be searched for (break down the practice into more specific areas/items): | E10: • Examples of change/transformation programs that have quickly transformed a work culture to become a highly motivated, engaged and happy work culture • How should change/transformation programs be introduced to engender support and commitment from a workforce? • How can change/transformation programs make long lasting/sustainable improvements? When answering the above questions, it is important to find examples of organisations that excel (ideally won awards) in these areas.
A12: Source of information/downloads. Describe useful web links and download any files that are useful. Search for useful articles, websites, conferences, and videos. When searching look for award winners or world-class performance (or similar) in the topic area as this may indicate they have a best practice. | B12: Date of information | C12: Describe why the information is useful? What are the potential best practices or key learning? | E12: If a potential benchmarking partner has been identified provide the name of the company, city, country and contact name and position (contact names may need to be identified from a different source such as Linked-In. Specify where the names of any contacts were found)
A13: https://www.youtube.com/watch?v=o-cmndW_3ZI | B13: 44501 | C13: This podcast will help you identify how to create a vibrant company culture at your office. Tony Robbins interviews Marissa Levin, CEO of Information Experts. Levin believes that quality culture is a company’s greatest secret weapon, in other words, “Culture is king.”  She speaks about Millenials – who have become the largest generation of workforce, how they impact the work culture, what they are looking for, how do you attract the best talent, and the millenials’ probable future involvement with organisational philanthropic contribution and social good. (@12:05).  Marissa Levin says that it is important to get a pulse-check on what the employees think about the culture because 100% of the time when she has gone into assessing organisational cultures, there is a disconnect between what the leadership team thinks is happening and what the employees think is happening. So, the first thing to do to reverse engineer a culture is to get a pulse-check on what the employees think because it’s their opinions are what that matter the most.  She speaks about the management practice of MBWA (Management By Walking Around).  The core values of the company should be laid out by executives, with input from employees as well. Once core values are in place, every aspect of the company should reflect those values. For instance, if you say that your company values honesty above all else, you should honor this quality when it comes to delivering employee reviews and communicating effectively with clients.  In this engaging 42-minute podcast, Marissa Levin answers pressing questions about how to identify what type of company culture you want, how to build it effectively and how to maintain the organizational culture as the years go on. (Her interview starts at 4:15 with an introduction). | E13: Marissa Levin, Co-Founder and Managing Partner, Successful Culture International https://www.linkedin.com/in/marissalevin1/
A18: Search No.2 (copy text of 2nd best practice search) | B18: 2- Strategies/initiatives that have resulted in high levels of employee engagement/happiness. | D18: Describe the practices/information related to Search No. 2 that should also be searched for (break down the practice into more specific areas/items): | E18: • Which organisations have high levels of employee engagement/ happiness that creates employee loyalty and drives innovation and productivity? • What are the key components of employee engagement? • What strategies/initiatives have resulted in high levels of employee engagement? • What are the key components of employee happiness? • What strategies/initiatives have resulted in high levels of employee happiness?
A20: Source of information/downloads. Describe useful web links and download any files that are useful. Search for useful articles, websites, conferences, and videos. When searching look for award winners or world-class performance (or similar) in the topic area as this may indicate they have a best practice. | B20: Date of information | C20: Describe why the information is useful? What are the potential best practices or key learning? | E20: If a potential benchmarking partner has been identified provide the name of the company, city, country and contact name and position (contact names may need to be identified from a different source such as Linked-In. Specify where the names of any contacts were found)
A26: Search No.3 (copy text of 3rd best practice search): | B26: 3- Senior leadership team as role models in creating a high-performance workforce. | D26: Describe the practices/information related to Search No. 3 that should also be searched for (break down the practice into more specific areas/items): | E26: • What is the leadership style in high performing organisations? • How do senior leaders communicate with employees in high performing organisations? • What role should senior leaders play in transforming a work culture? When answering the above questions, it is important to find examples of organisations that excel (ideally won awards) in these areas.
A28: Source of information/downloads. Describe useful web links and download any files that are useful. Search for useful articles, websites, conferences, and videos. When searching look for award winners or world-class performance (or similar) in the topic area as this may indicate they have a best practice. | B28: Date of information | C28: Describe why the information is useful? What are the potential best practices or key learning? | E28: If a potential benchmarking partner has been identified provide the name of the company, city, country and contact name and position (contact names may need to be identified from a different source such as Linked-In. Specify where the names of any contacts were found)
A34: Search No.4 (copy text of 4th best practice search): | B34: 4- Developing an environment where there is excellent communication and cooperation between all staff. | D34: Describe the practices/information related to Search No. 4 that should also be searched for (break down the practice into more specific areas/items): | E34: • Which organisations excel in internal communication and cooperation of staff working as one team. • What are the best methods to use for internal communication and how regularly should this occur? • How can cooperation between staff and departments be encouraged that supports openness, transparency, and sharing of knowledge. When answering the above questions, it is important to find examples of organisations that excel (ideally won awards) in these areas.
A36: Source of information/downloads. Describe useful web links and download any files that are useful. Search for useful articles, websites, conferences, and videos. When searching look for award winners or world-class performance (or similar) in the topic area as this may indicate they have a best practice. | B36: Date of information | C36: Describe why the information is useful? What are the potential best practices or key learning? | E36: If a potential benchmarking partner has been identified provide the name of the company, city, country and contact name and position (contact names may need to be identified from a different source such as Linked-In. Specify where the names of any contacts were found)
A42: Search No.5 (copy text of 5th best practice search): | B42: 5- Performance Management Systems for measuring and improving the performance of employees. | D42: Describe the practices/information related to Search No. 5 that should also be searched for (break down the practice into more specific areas/items): | E42: • What are the Key Performance Indicators used by organisations with high levels of employee engagement and happiness? • What performance management systems should be used to monitor and improve staff performance, aligned to KPIs. • Examples of recognition and reward systems that encourage and support a high performing workforce. When answering the above questions, it is important to find examples of organisations that excel (ideally won awards) in these areas.
A44: Source of information/downloads. Describe useful web links and download any files that are useful. Search for useful articles, websites, conferences, and videos. When searching look for award winners or world-class performance (or similar) in the topic area as this may indicate they have a best practice. | B44: Date of information | C44: Describe why the information is useful? What are the potential best practices or key learning? | E44: If a potential benchmarking partner has been identified provide the name of the company, city, country and contact name and position (contact names may need to be identified from a different source such as Linked-In. Specify where the names of any contacts were found)
A50: Search No.6 (copy text of 6th best practice search): | B50: 6- Role and structure of Human Resource Department to support a high-performance work culture. | D50: Describe the practices/information related to Search No. 6 that should also be searched for (break down the practice into more specific areas/items): | E50: • Examples of the role and responsibilities of Human Resource Departments in supporting a high-performance work culture. • How should a Human Resource Department be structured, with how many staff and what positions, to support a high-performance work culture in an organisation of approximately 500 people? When answering the above questions, it is important to find examples of organisations that excel (ideally won awards) in these areas.
A52: Source of information/downloads. Describe useful web links and download any files that are useful. Search for useful articles, websites, conferences, and videos. When searching look for award winners or world-class performance (or similar) in the topic area as this may indicate they have a best practice. | B52: Date of information | C52: Describe why the information is useful? What are the potential best practices or key learning? | E52: If a potential benchmarking partner has been identified provide the name of the company, city, country and contact name and position (contact names may need to be identified from a different source such as Linked-In. Specify where the names of any contacts were found)

Sheet PST1
A1: PARTNER SELECTION TABLE 1 (PST1) - SIMPLE VERSION for project on Improving Purchase Procedure
A2: "Best Practice" Selection Criteria (What best practices or performance level do your benchmarking partners need to have in order for you to want to learn from them?) | B2: Rationale for "Best Practice" Selection Criteria (Why is this criteria important?) | D2: Names of organisations to consider as potential partners | E2: Proposed method to learn from benchmarking partner (e.g. site visit, internet research, survey, phone/skype call)
A3: World calss Purchase Processes (Bid Awarding Processes + RFI) | B3: As highlighted in the scope of the project | D3: City Council of Singapore | E3: Website - Email
A4: Innovative Purchase Systems (Applications) | B4: To improve our purchase systems used | D4: Barcelona | E4: Website - Email
A5: Multi-million Yearly Purchase Value | B5: To compare successfully with same Purchas evalue | D5: CIPS | E5: Website
A6: Detailed KPIs for Bid Awarding process | B6: To improve Bid awarding process and KPIs | D6: KPI library | E6: Website
D7: Global benchmarking Netwrok | E7: Website
D8: Asan Medical Center - Koera | E8: Website - Email - Telephone
A9: "Other" Selection Criteria (Is there any other criteria that is important when selecting a benchmarking partner such as location, industry, organisational size, culture?) | B9: Rationale for "Other" Selection Criteria (Why is this criteria important?)
A15: Large organization | B15: Voliume of transactions is very important for comparison
A16: Award Winning Orgnisation | B16: Reflect excellent performance
A17: Willing to Share and corporate. | B17: To benchmark and apply best practices

Sheet PST2
A1: PARTNER SELECTION TABLE (PST2) - DETAILED VERSION
A2: Name of Potential Benchmarking Partner? | B2: FedEx
A3: Address of partner? | B3: Singapore
A4: Name of contact person at partner if known? | B4: S. K.
A5: Describe the partners’ best practice, if known | B5: The company is known for its overnight shipping service and pioneering a system that could track packages and provide real-time updates on package location (to help in finding lost packages), a feature that has now been implemented by most other carrier services.
A6: Evidence that the partner has good to best practices which are related to the benchmarking area of focus (e.g. evidence from brainstorming, questionnaire, expert opinion?) | B6: International Leadership in Cargo
A7: What level of performance has the partner achieved, if known? | B7: Ranks First in Express Cargo
A8: Other information on the partner?
A9: Pre-Screening Criteria (Pre-Screening criteria that need to be met that are specific to the project)
A10: Description of Criteria | C10: Score (Pass = 1, Fail = 0) | E10: Weighting % | F10: Total
A11: A. Operations | C11: 1 | E11: 50 | F11: 50
A12: B. Supply and Demand | C12: 1 | E12: 10 | F12: 10
A13: C. Employees management | C13: 1 | E13: 40 | F13: 40
A14: Final Total | F14: =SUM(F11:F13) -> 100
A15: Partner Selection Criteria
A16: Description of Criteria | B16: Rating System | C16: Score | E16: Weighting % | F16: Total
A17: Relationship between benchmarking area of focus and partner’s best practice | B17: Strong = 4, Moderate = 2, Weak/Unknown = 0 | C17: 2 | E17: 40 | F17: =C17*E17 -> 80
A18: What level of performance has the partner achieved? | B18: World Class/Outstanding = 4, Good/Above Average = 2, Poor/Unknown = 0 | C18: 4 | E18: 60 | F18: =C18*E18 -> 240
A19: Evidence of good to best practices
A20: Is the evidence from multiple sources? | B20: Multiple sources = 4, Two sources = 2, One source = 0 | D20: 0 | E20: 15 | F20: =D20*E20 -> 0
A22: Is the evidence reliable? | B22: Very reliable = 4, Moderately reliable = 2, Unknown = 0 | D22: 2 | E22: 20 | F22: =D22*E22 -> 40
A24: How recent is the evidence? | B24: One year = 4, One to five years = 2, More than five years = 0 | D24: 2 | E24: 20 | F24: =C24*E24 -> 0
A25: Location of partner | B25: Local = 4, National = 2, International = 0 | D25: 4 | E25: 20 | F25: =C25*E25 -> 0
A26: Likelihood to participate? | B26: Strong = 4, Moderate = 2, Weak/Unknown = 0 | D26: 4 | E26: 20 | F26: =C26*E26 -> 0
A27: Organisational Profile?
A28: Number of Employees? | B28: A = 1000 or more, B = 500 to 999, C = 100 to 499, D = 20 to 99, E = 1-19. | D28: A
A29: Industrial Sector? | B29: A = Manufacturing focused B = Service focused | D29: B
A30: Competitor? | B30: Y = Yes N = No | D30: N
E31: Total Score | F31: =SUM(F20:F26)+F17+F18 -> 360

Sheet PCD
A1: PARTNER CONTACT DETAILS (PCD)
A2: Organisation Name | B2: Contact person | C2: Phone | D2: email | E2: Date of site visit (and/or conference call) | F2: Comments
A3: FedEx | B3: S.K. | E3: 44348 | F3: Skype call
A4: Transport Security Administration (TSA) | B4: John Devine and Jennifer Blanchard | E4: 44392 | F4: Communication through email
A5: London Gatwick Airport | B5: John Williams | E5: 44393 | F5: Communication through email
A6: BASF | B6: Paul Davis | E6: 44460 | F6: Site visit - USA
A7: Home Depot | B7: Abby Brown | E7: 44460 | F7: Site visit - USA
A8: Adidas | B8: Andew Wilson | E8: 44461 | F8: Site visit - USA

Sheet Q
A1: QUESTIONS FOR BENCHMARKING PARTNERS TABLE for a project on Innovative Prevention Program to Combat Diabetes
A3: Key questions to ask benchmarking partners should be prepared in advance and answers to the questions recorded in writing (and recorded if permission is given) at the benchmarking visit.
A5: No. | B5: Key questions (What are the key questions you wish to ask?) | C5: Sub questions (Can the key questions be broken down further?) | D5: Evidence/ documentation to see? | E5: Person to see? | F5: Answers to questions/findings
A6: 1 | B6: What is social prescribing ? | C6: & how is your platform supported the concept? | D6: interview | E6: Ms Jinnifer | F6: Published study on the benefit of this program & results
A7: 2 | B7: Did you benchmark before conducting the program? | C7: What are the benchmarks used? | D7: interview | E7: Ms Jinnifer | F7: NHS program on social prescribing
A8: 3 | B8: what were their benchmarking methods used in their program? | C8: what are the methods used? | D8: Report/presentation | E8: Ms Jinnifer | F8: Reserch
A9: 4 | B9: Any challenges of planning, process and implementation the preventive programs? | C9: How they overcome these challenges ? And how longe it took to overcome them? | D9: Report | E9: Ms Jinnifer | F9: budget
A10: 5 | B10: Any available innovative initiatives related to preventive programs ? | C10: If available, what are those initiatives? Any out comes ? | D10: Report | E10: Ms Jinnifer | F10: yes
A11: 6 | B11: why they start their program ? | C11: what their outcome | D11: Report | E11: Ms Jinnifer | F11: to have network between the health centers & the community facilities
A12: 7 | B12: What are the resources required to implement the program? | C12: sponsers (budget)? Number and role of staff, working hour | D12: Report | E12: Ms Jinnifer | F12: manpower & budget
A13: 8 | B13: What is the negative feedback from the program? | C13: obstacles, problems, difficulties | D13: Report | E13: Ms Jinnifer
A14: 9 | B14: How long did it take to plan and implement the program? | C14: Time frame for planning and implementation | D14: Report | E14: Ms Jinnifer | F14: 6week & above
A15: 10 | B15: What are the inclusion and exclusion criteria? | D15: Report | E15: Ms Jinnifer | F15: DM type1 & chronic condition
A16: 11 | B16: Are there any recommendations? | D16: Report | E16: Ms Jinnifer | F16: to impliment this program to prevent Diabetes
A17: 12 | B17: Are there any future intiatives for health campaigns? | D17: Report | E17: Ms Jinnifer | F17: yes
A18: 13 | B18: Did you benchmark before conducting the program? | C18: What are the benchmarks used? | D18: recorded interview | E18: Ms Jinnifer | F18: yes with NHS
A19: 14 | B19: Is this the first time to conduct the program? ( the idea) | D19: Report | E19: Ms Jinnifer | F19: in NHS in england
A20: 15 | B20: What type of motivation and encouragement used in the program for the staff? | D20: Report | E20: Ms Jinnifer | F20: this program can be done for clients & staff
A21: 16 | B21: What are the Type of participants? | D21: Report | E21: Ms Jinnifer | F21: prediabetic with high risk factors
A22: 17 | B22: Did you use media/technology to implement the program? | D22: Report | E22: Ms Jinnifer | F22: yes
A23: 18 | B23: Is there any follow up for the participants? | C23: are the participants participation sustainable | D23: Report | E23: Ms Jinnifer | F23: yes
A24: 19 | B24: Any KPIs ? | C24: What are the main KPIs? | D24: Report | E24: Ms Jinnifer | F24: yes

Sheet BVR
A1: BENCHMARKING PARTNER REPORT for a project on Improving Productivity of Auto workshop
A3: After a visit or meeting with a benchmarking partner the key information learnt should be documented. Consideration should be given as to whether or not the practices observed would be useful to implement.
A6: Organization visited | C6: GW. Automobiles Mazda dealership vehicles workshop
A7: Date of visit | C7: 44518
A8: Visit details (who was seen, agenda of visit) | C8: B. Smith | E8: Key for "Type of Initiative/Practice"
A9: Background information on the organisation and relevant practices, systems and processes | C9: GW. Automobiles is a local Mazda vehicles workshop is one of the largest workshops in the country, last year they won a prize by Mazda HQ for most efficient workshop in the country. | E9: New Initiative/Practice = Identification of a possible new initiative/practice that our organisation does not have
E10: Superior Initiative/Practice = Identification of a superior or enhanced approach/method that will improve our current initiative/practice,
E11: Less Mature Initiative/Practice = A weaker or less mature approach/method that will not improve our current initiative/practice
A12: General overview of the success of the visit and key learning | C12: There are some best practices that new to us, and some other are less superior than our best practices
A13: Title of Initiative/Best Practice that was observed | C13: Description of initiative/best practice observed | F13: Type of Initiative/Practice (New, Superior, Less) | G13: Can it be adapted for use in our organisation? | H13: Actions to be taken to transfer ideas into a practical solution | I13: Other comments
A14: 1 | B14: Mazda Certified Preventive Maintenance Checklist | C14: The checklist is used by the technician and it indicates the items and parts that are to be checked for the following components in a vehicle: 1) Engine 2) Electrical System 3) Chassis and Body 4) Commercial Vehicles 5) Road Test for maintenance categories such as minor, intermediate, semi-major, and major maintenance. Furthermore, the checklist outlines different operations conducted for each item and the recommended replacement period of each part. | F14: Less | G14: yes | H14: Updating the system with Checklists
A15: 2 | B15: Mazda Standard Hours for Preventive Maintenance | C15: It was observed that GW. Automobiles utilizes a standard they obtained from Mazda (manufacturer) The following are the standards: 1) Minor Maintenance (A: 10,000 - 20,000 - 30,000 KM) : 0.8 H, 1.4 H, 0.8 H 2) Intermediate Maintenance (B: 40,000 KM): 3 H 3) Semi- Major Maintenance (C: 80,000 KM) : 3 H 4) Major Maintenance (120,000 KM): 3 H | F15: Less | G15: No | H15: Having multi brand Vehicles makes our own standards
A16: 3 | B16: KPI Tracking | C16: The KPIs are tracked as follows: 1) Preventivee Maintenance : Monthly, Quarterly, and Annually - Average Absorptive Capacity: NA 2) Defect/Repair Tasks : Monthly - Average Absorptive Capacity : NA 3) Spare Parts : Monthly | F16: Less | G16: No | H16: Achieving Higher KPI
A17: 4 | B17: Number of Bays & Labour Force | C17: We observed the following with regards to number of bays and labur force: 1) Preventive Maintenance : - Bays: 10 - Labor Force: 8 2) Repair/ Defects: - Bays: 6 - Labour Force: 4 | F17: Less | G17: No | H17: Our Infrastructure and HR bigger
A18: 5 | B18: Training Evaluation | C18: For preventive maintenance, employees are examined after each training course based on the percentage of error repetition and technician efficiency. For repair/defect tasks, employees are examined or evulated based on Voice of Client "VOC" | F18: Superior | G18: Yes | H18: adding KPI comparison amongst staff after each training course and Adding VOC in the systems
A19: 6 | B19: Job Instruction Sheet | C19: GW. Automobiles introduced a "Job Instruction Sheet" which explains the sequence of task to be performed while carrying out preventive maintenance. The following initiative resulted in reduction time to carry out the operation. The sheet details the tasks for each type of maintenance. It contains key points as well as figures to help the technician in the process. Furthermore, it covers the entire process from preperation to delivery of vehcle to the customer. | F19: Less | G19: No | H19: We have the Checkliskt intered in the system which shows in the PDA
A20: 7 | B20: Spare Parts Department | C20: We observed the following about the spare parts department: 1) The number of employees is 6 2) Based on history of consuption for spare parts, parts are stored in stock 3) Employees in the department order the spare parts required 4) Employees in the department deliver the spare parts to the technician 5) Online ordering of parts is performed from the workshop controller to the parts department by using an online management system called DMS | F20: Superior | G20: Yes | H20: 1. see how parts to be deliver the spare parts to the technician 2. Setup the FleetFocus to manage the parts demand
A21: 8 | B21: Target Number of Hours | C21: We observed the following in terms of Target Hours: 1) Per day : 8 hours 2) Per week: 48 hours 3) Per month: 200 hours Employees who achieve the target hours or exceed expectations are provided with incentive. Employees who don't achieve the target number of hours are identified and a root-cause analysis is performed to study the causes of low performance | F21: Superior | G21: Yes | H21: Linking the system with HR for ensuring the Achievement of the working Hours and setting the minimum target per Employee
A22: 9 | B22: Indirect Hours | C22: The standard hours used for indirect tasks such as breaks, washroom, prayers, lunch, etc... are 0.5 hours | F22: Superior | G22: Yes | H22: Utilized the Indirect Hours and standardizing it
A23: 10 | B23: Efficiency of Labour Calculation | C23: The efficiencyof each employee is calculated by the following formular: Labour Efficiency = Standard Hours / Actual Hours * 100 The result should be equal to 1 or greater. | F23: Superior | G23: Yes | H23: Linking the system with HR for ensuring the Achievement of the working Hours and setting the minimum target per Employee

Sheet BPSM
A1: BEST PRACTICE SELECTION MATRIX for a project on Innovative Prevention Program to Combat Diabetes
A3: The Best Practice Selection Matrix can be used after a benchmarking visit or any best practice learning to assess and select potential initiatives, practices or actions for implementation. The Ease / Impact Score Column gives a score out of 10 with a higher weighting for "impact" in comparison to "ease". This ratio can be changed dependent on the importance of these criteria to the benchmarking project.
A5: # | B5: Title of Initiative/Best Practice | C5: Ease of implementation (Consider time, cost feasibility, 5=Very Easy, 4=Relatively Easy, 3=Possible, 2=Difficult, 1=Very Difficult) | D5: Impact on project aim and objectives (5=Major, 4=High 4=Medium, 2=Low, 1=Negligible) | E5: Ease / Impact Score (with Impact given a higher weighting 6:4)
A6: 1 | B6: Social Prescribing Program | C6: 3 | D6: 3 | E6: 5
A7: 2 | B7: Screening program for early detection of DM & risk factors | C7: 2 | D7: 4 | E7: 4
A8: 3 | B8: Health Awareness Campaigns | C8: 3 | D8: 4 | E8: 4
A9: 4 | B9: Smart Applications | C9: 4 | D9: 2 | E9: 4
A10: 5 | B10: Teaching the community how to cook healthy food | C10: 3 | D10: 2 | E10: =(C10/5*4)+(D10/5*6) -> 4.8
A11: 6 | B11: Introduce the food portion system in schools | C11: 4 | D11: 4 | E11: =(C11/5*4)+(D11/5*6) -> 8
A12: 7 | B12: Indoor activity facilities in public parks | C12: 1 | D12: 4 | E12: =(C12/5*4)+(D12/5*6) -> 5.6
A13: 8 | E13: =(C13*0.8)+D13 -> 0
A14: 9 | E14: =(C14*0.8)+D14 -> 0
A15: 10 | E15: =(C15*0.8)+D15 -> 0
A16: 11 | E16: =(C16*0.8)+D16 -> 0
A17: 12 | E17: =(C17*0.8)+D17 -> 0
A18: 13 | E18: =(C18*0.8)+D18 -> 0
A19: 14 | E19: =(C19*0.8)+D19 -> 0
A20: 15 | E20: =(C20*0.8)+D20 -> 0

Sheet Deploy-T
A1: DEPLOY - TASKS for a project on Call Centre Improvement
A3: Steps | B3: Tasks (what do you need to do to complete the step?) | C3: Person(s) undertaking task? | D3: Expected man hours involved? | E3: Expected Costs | H3: Expected Non-Financial Benefits | I3: Expected Financial Benefits | J3: Person that ensures task is completed | K3: Planned Start Date | L3: Planned Finish Date | M3: Actual Finish Date | N3: Actual man hours taken? | O3: Actual Costs | R3: Comments or Key Findings
E4: Labour | F4: Expenses | G4: Capital | H4: Expected Non-Financial Benefits | O4: Labour | P4: Expenses | Q4: Capital
A5: 4.1 Communicate findings | B5: Circulate benchmarking report and present findings | C5: Craig, Phil, Johnny | D5: 2 | E5: =D5*CA!$B$3 -> 0 | F5: 0 | G5: 0 | J5: Phil | K5: 44318 | L5: 44329 | M5: 44340 | N5: 2 | O5: =N5*CA!$B$3 -> 0 | P5: 0 | Q5: 0 | R5: Presentations to PCG and management team completed
A6: 4.2 Develop action plan | B6: Develop action plan for call centre | C6: Latoya, Craig, Johnny | D6: 20 | E6: =D6*CA!$B$3 -> 0 | F6: 0 | G6: 0 | J6: Latoya | K6: 44339 | L6: 44343 | M6: 44348 | N6: 18 | O6: =N6*CA!$B$3 -> 0 | P6: 0 | Q6: 0 | R6: Call centre action plan prepared
B7: PSG review of action plan | C7: Cathy, Phil, Johnny | D7: 6 | E7: =D7*CA!$B$3 -> 0 | F7: 0 | J7: Latoya | K7: 44339 | L7: 44343 | M7: 44350 | N7: 6 | O7: =N7*CA!$B$3 -> 0 | P7: 0 | Q7: 0 | R7: Action plan reviewed by PSG
B8: Complete Improvement Action Plan and circulate | C8: Cathy, Latoya, Craig, Phil, Johnny | D8: 8 | E8: =D8*CA!$B$3 -> 0 | F8: 0 | J8: Latoya | K8: 44343 | L8: 44347 | M8: 44351 | N8: 16 | O8: =N8*CA!$B$3 -> 0 | P8: 0 | Q8: 0
B9: Prepare presentation | C9: Cathy, | D9: 8 | E9: =D9*CA!$B$3 -> 0 | F9: 0 | G9: 0 | J9: Phil | K9: 44343 | L9: 44347 | M9: 44351 | N9: 8 | O9: =N9*CA!$B$3 -> 0 | P9: 0 | Q9: 0 | R9: Communicated via presentations
A10: 4.3 Obtain approval for action plan | B10: Obtain agreement of senior management on implementing action plan | C10: Phil, Johnny | D10: 12 | E10: =D10*CA!$B$3 -> 0 | F10: 0 | G10: 0 | J10: Latoya | K10: 44348 | L10: 44350 | M10: 44356 | N10: 12 | O10: =N10*CA!$B$3 -> 0 | P10: 0 | Q10: 0 | R10: Implementation of FCR Focus & Communications actions; Career pathways and Knowledge base approved as separate projects
A11: 4.4 Implement actions | B11: FCR Focus implementation | C11: Phil, Johnny | D11: 180 | E11: =D11*CA!$H$3 -> 18900 | F11: 0 | G11: 0 | K11: 44353 | L11: 44392 | N11: 0 | O11: =N11*CA!$H$3 -> 0 | P11: 0 | Q11: 0
B12: Set up FCR hit team and monitor activities | C12: Cathy, Latoya | D12: 0 | E12: =D12*CA!$H$3 -> 0 | F12: 0 | G12: 0 | J12: Phil | M12: 44354 | N12: 18 | O12: =N12*CA!$H$3 -> 1890 | P12: 0 | Q12: 0 | R12: 3 pereson hit team to focus on FCR working closely with centre trainers and staff
B13: Specify system changes | C13: Cathy, Latoya, Craig, Phil, Johnny | D13: 0 | E13: =D13*CA!$H$3 -> 0 | F13: 0 | G13: 0 | J13: Johnny | M13: 44364 | N13: 28 | O13: =N13*CA!$H$3 -> 2940 | P13: 750 | Q13: 0 | R13: System specification drafted with system supplier
B14: Approve changes | C14: Latoya, Phil, Johnny | D14: 0 | E14: =D14*CA!$H$3 -> 0 | F14: 0 | J14: Latoya | M14: 44378 | N14: 2.5 | O14: =N14*CA!$H$3 -> 262.5 | P14: 0 | Q14: 0 | R14: Meetings with PSG and Operatiosn Director
B15: Commission system upgrade | C15: Johnny | D15: 0 | E15: =D15*CA!$H$3 -> 0 | F15: 0 | G15: 0 | J15: Johnny | M15: 44460 | N15: 76 | O15: =N15*CA!$H$3 -> 7980 | P15: 54 | Q15: 24754
B16: Work instructions and system workflow changes | C16: Cathy, Latoya | D16: 0 | E16: =D16*CA!$H$3 -> 0 | F16: 0 | G16: 0 | J16: Johnny | M16: 44460 | N16: 5 | O16: =N16*CA!$H$3 -> 525 | P16: 0 | Q16: 0 | R16: New workflows piloted for 2 weeks prior to rollout to entire centre
B17: Train staff | C17: Phil, Johnny | D17: 0 | E17: =D17*CA!$H$3 -> 0 | F17: 0 | G17: 0 | H17: FCR jumped from 57% to 67% in pilot area | J17: Craig | M17: 44427 | N17: 2 | O17: =N17*CA!$H$3 -> 210 | P17: 0 | Q17: 0
B18: Audit FCR related processes | C18: Cathy, Latoya, Craig, Phil, Johnny | D18: 0 | E18: =D18*CA!$H$3 -> 0 | F18: 0 | G18: 0 | J18: Phil | M18: 44468 | N18: 2 | O18: =N18*CA!$H$3 -> 210 | P18: 0 | Q18: 0 | R18: 1 minor corrective actions reported
B19: Communications implementation | C19: Phil, Johnny | D19: 98 | E19: =D19*CA!$H$3 -> 10290 | F19: 0 | G19: 0 | H19: Staff reported they were happier since changes made | K19: 44395 | L19: 44420 | N19: 0 | O19: =N19*CA!$H$3 -> 0 | P19: 0 | Q19: 0
B20: Determine management requirements | C20: Cathy, Johnny | D20: 0 | E20: =D20*CA!$H$3 -> 0 | F20: 0 | G20: 0 | J20: Phil | M20: 44398 | N20: 1.5 | O20: =N20*CA!$H$3 -> 157.5 | P20: 0 | Q20: 0 | R20: Board also consulted
B21: Determine field technician contract requirements | C21: Latoya, Craig, Johnny | D21: 0 | E21: =D21*CA!$H$3 -> 0 | F21: 0 | G21: 0 | J21: Latoya | M21: 44406 | N21: 0.5 | O21: =N21*CA!$H$3 -> 52.5 | P21: 0 | Q21: 0
B22: Determine Operations division requirements | C22: Craig, Phil, Johnny | D22: 0 | E22: =D22*CA!$H$3 -> 0 | F22: 0 | G22: 0 | J22: Latoya | M22: 44403 | N22: 0.5 | O22: =N22*CA!$H$3 -> 52.5 | P22: 0 | Q22: 0
B23: Determine other stakeholder requirements | C23: Cathy, Latoya, Craig, Phil, Johnny | D23: 0 | E23: =D23*CA!$H$3 -> 0 | F23: 0 | G23: 0 | J23: Cathy | M23: 44402 | N23: 4 | O23: =N23*CA!$H$3 -> 420 | Q23: 0 | R23: Staff meeting held
B24: Agree work instruction changes | C24: Latoya, Phil, Johnny | D24: 0 | E24: =D24*CA!$H$3 -> 0 | F24: 0 | G24: 0 | J24: Phil | M24: 44410 | N24: 6 | O24: =N24*CA!$H$3 -> 630 | P24: 0 | Q24: 0
B25: System report and communications workflow changes | C25: Latoya, Craig, Phil, Johnny | D25: 0 | E25: =D25*CA!$H$3 -> 0 | F25: 0 | G25: 0 | J25: Johnny | M25: 44416 | N25: 42 | O25: =N25*CA!$H$3 -> 4410 | P25: 0 | Q25: 0 | R25: Discussion with Veronica (systems division) before proceeding
B26: Train staff | C26: Phil, Johnny | D26: 0 | E26: =D26*CA!$H$3 -> 0 | F26: 0 | G26: 0 | J26: Cathy | M26: 44427 | N26: 24 | O26: =N26*CA!$H$3 -> 2520 | P26: 1200 | Q26: 0 | R26: External trainer used
B27: Audit call centre communications processes | C27: Latoya | D27: 0 | E27: =D27*CA!$H$3 -> 0 | F27: 0 | G27: 0 | J27: Phil | M27: 44468 | N27: 6 | O27: =N27*CA!$H$3 -> 630 | P27: 0 | Q27: 0 | R27: 4 major corrective actions reported; All closed out
B28: Review and recommend other initiatives | C28: Cathy, Latoya | D28: 0 | E28: =D28*CA!$H$3 -> 0 | F28: 0 | G28: 0 | J28: Phil | M28: 44458 | N28: 10 | O28: =N28*CA!$H$3 -> 1050 | P28: 0 | Q28: 0 | R28: Brainstorming meeting resulted in 3 recommendations - entered as Improvement Actions
A29: 4.5 Review project progress and TOR | B29: TRADE Deploy stage review meeting | C29: Cathy, Latoya, Craig, Phil, Johnny | D29: 5 | E29: =D29*CA!$H$3 -> 525 | F29: 0 | G29: 0 | J29: Latoya | K29: 44420 | L29: 44427 | M29: 44468 | N29: 5 | O29: =N29*CA!$H$3 -> 525 | P29: 0 | Q29: 0
A30: 4.6 Obtain approval to start the next stage of TRADE | B30: Presentation to Sponsor | C30: Team, 5 people + sponsor, 1 hr | D30: 6 | E30: =D30*CA!$H$3 -> 630 | F30: 0 | G30: 0 | J30: Latoya | K30: 44420 | L30: 44427 | M30: 44468 | N30: 3 | O30: =N30*CA!$H$3 -> 315 | P30: 0
A31: TOTALS | D31: =SUM(D5:D30) -> 345 | E31: =SUM(E5:E30) -> 30345 | F31: =SUM(F5:F30) -> 0 | G31: =SUM(G5:G30) -> 0 | N31: =SUM(N5:N30) -> 298 | O31: =SUM(O5:O30) -> 24780 | P31: =SUM(P5:P30) -> 2004 | Q31: =SUM(Q5:Q30) -> 24754

Sheet MP
A1: MASTER PLAN FOR BEST PRACTICES for a project on Innovative Prevention Program to Combat Diabetes
A3: This form should describe all the distinct best practices/ideas that have been selected for implementation as a result of undertaking the benchmarking project.
A4: For each of these a detailed plan for implementation should be developed on the Action Plan (AP) Worksheet with the appropriate Reference Number used.
A6: Date Master Plan Approved: 1/3/2019
A8: Approval (Team Leader): Dr M. Kelly Approval (Sponsor): Dr J. Miller
A10: Reference Number | B10: Description of best practice/idea to implement | C10: Expected benefits? (Financial and non-financial) | D10: Resource required? (consumables/capital equipment ($) + people (man days)) | E10: Describe risks & how they will be managed? | F10: Name of person leading the project? | G10: Start date | H10: Finish date | I10: Approval to implement? | J10: Notes
I11: Yes / No
A12: 1 | B12: Promoting Healthy life style | C12: Raise awareness of healthy lifestyle | D12: $130k + 31 staff | E12: Lack of trained staff, 45 staff members will be trained to deliver the training workshops | F12: Dr M. Kelly | G12: - | H12: - | I12: Yes | J12: Due to lack of trained staff, the initiative will be postponed till late 2019
A13: 2 | B13: Early Screening on Diabetes & risk factors | C13: Working on diabetes cases from its early stages to minimize its risk, we are estimating that we could save $1.3m annually by lowering the population with high risk low and medium risk. | D13: $200k + 4 staff to run 23 campaigns from Jun-19 to Dec-19 | E13: Participation of public in the campaigns could be low, we will work with stakeholders to increase the voluntary participation in the campaign | F13: Dr R. Smith | G13: 44348 | H13: 44545 | I13: Yes | J13: We are negotiating some deals with the main shopping mall to sponsor the initiative, the shopping malls will allocate advertising space and booths to promote the initiative for free.
A14: 3
A15: 4
A16: 5
A17: 6
A18: 7
A19: 8
A20: 9
A21: 10

Sheet AP
A1: ACTION PLAN for a project on Innovative Prevention Program to Combat Diabetes
A3: This form should describe in detail how each proposed best practice/idea will be implemented. Therefore the steps required, resources and responsibilities.
A4: A separate Action Plan should be completed for each best practice/idea that has been referenced on the Master Plan (MP) Worksheet
A6: Name of best practice/idea to implement: Early Screening on Diabetes & risk factors
A8: Person Responsible for Overseeing the Action Plan: Dr R. Smith Reference Number (from MP Worksheet): 2
A10: Step Number | B10: Describe Activities / Steps | C10: Start date | D10: Finish date | E10: Resource required? (consumables / capital equipment ($) + people (man days)) | F10: Completed? Yes /No | G10: Comments | H10: Person responsible?
A13: 1 | B13: Train 2 health Center staff on the manual and periodic Health Check-up service | C13: 44256 | D13: 44258 | E13: $500 + 5 man days | F13: Yes | H13: Dr R. Smith
A14: 2 | B14: Audit current laboratory check-up service | C14: 44259 | D14: 44259 | E14: $300 + 2 man days | F14: Yes | H14: Dr M. Kelly
A15: 3 | B15: Develop electronic Periodic Health Check-up package in SAM system | C15: 44259 | D15: 44280 | E15: $6000 + 63 man days | F15: Yes | H15: Dr. E. Lee
A16: 4 | B16: Pilot the service in 2 health canters | C16: 44283 | D16: 44289 | E16: $1530 + 18 man days | F16: Yes | H16: Dr K. Parks
A17: 5 | B17: Train concerned staff of remaining health centres on the manual and implementation of periodic Health Check-up service | C17: 44292 | D17: 44297 | E17: $2400 + 36 man days | F17: Yes | H17: Dr J. Howard
A18: 6 | B18: Field visits to all health canters to assist readiness for implementation of the service and go live. | C18: 44301 | D18: 44304 | E18: $700 + 3 man days | F18: Yes | H18: Dr D. Ross
A19: 7 | B19: Periodic Health check-up go live in all health canters | C19: 44317 | D19: 44501 | E19: $47800 + 1470 man days | F19: Yes | G19: It was planned to go live in 4 health centers but we managed to include all the 6 health centers | H19: Dr K. Parks
A20: 8 | B20: Initial feedback on implementation and challenges | C20: 44505 | D20: 44508 | E20: $2750 + 10 man days | F20: Yes | H20: Dr J. Howard
A21: 9 | B21: Collect the data and complete the analysis | C21: 44505 | D21: 44520 | E21: $1100 + 30 man days | F21: Yes | H21: Dr R. Smith
A22: 10 | B22: Send the report for Quality office | C22: 44520 | D22: 44520 | E22: $150 + 1 man days | F22: Yes | H22: Dr R. Smith
A23: 11 | B23: Prepare the final report for | C23: 44521 | D23: 44531 | E23: $5100 + 30 man days | F23: Yes | H23: Dr R. Smith
A24: 12
A25: 13
A26: 14
A27: 15
D28: Total | E28: $68330 + 1668 man days
B30: Evaluate success of implementation | D30: Resource used? (consumables / capital equipment ($) + people (man days)) | E30: $68330 + 1668 man days
D31: Benefits achieved? (Financial and Non-Financial) | E31: Finalncial benefit will be calculated later, early stats shows it is at least $1m annually. Main non-financial benefit is that 387 high risk participants were totally unaware about their condintion, and they are likley to be diabetes in the next 5 yeasr

Sheet Evaluate-T
A1: EVALUATE - TASKS for a project on Call Centre Improvement
A3: Steps | B3: Tasks (what do you need to do to complete the step?) | C3: Person(s) undertaking task? | D3: Expected man hours involved? | E3: Expected Costs | H3: Person that ensures task is completed | I3: Planned Start Date | J3: Planned Finish Date | K3: Actual Finish Date | L3: Actual Benefits obtained | N3: Actual man hours taken? | O3: Actual Costs | R3: Comments or Key Findings
E4: Labour | F4: Expenses | G4: Capital | L4: Non-Financial | M4: Financial | O4: Labour | P4: Expenses | Q4: Capital
A5: 5.1 Perform cost /benefit analysis | B5: Chris supplied | C5: Phil, Johnny | D5: 12 | E5: =D5*CA!$H$3 -> 1260 | F5: 0 | G5: 0 | H5: Johnny | I5: 44531 | J5: 44539 | K5: 44538 | N5: 14 | O5: =N5*CA!$H$3 -> 1470 | P5: 0 | Q5: 0
A6: 5.2 Review TRADE project | B6: TRADE Project Review meeting | C6: Cathy, Johnny | D6: 5 | E6: =D6*CA!$H$3 -> 525 | F6: 0 | G6: 0 | H6: Latoya | I6: 44539 | J6: 44544 | K6: 44542 | N6: 5 | O6: =N6*CA!$H$3 -> 525 | P6: 0 | Q6: 0
A7: 5.3 Share experiences and project outcomes | B7: Presentation to benchmarking group & PSG | C7: Cathy, Phil, Johnny | D7: 7.5 | E7: =D7*CA!$H$3 -> 787.5 | F7: 0 | G7: 0 | H7: Phil | I7: 44539 | J7: 44544 | K7: 44544 | N7: 8 | O7: =N7*CA!$H$3 -> 840 | P7: 0 | Q7: 0
A8: 5.4 Close project | B8: TOR approval to close project | C8: Team Leader & Sponsor meeting | D8: 2 | E8: =D8*CA!$B$3 -> 0 | F8: 0 | G8: 0 | H8: Craig | I8: 44539 | J8: 44545 | K8: 44545 | N8: 2 | O8: =N8*CA!$H$3 -> 210 | P8: 0 | Q8: 0
A9: TOTALS | D9: =SUM(D5:D8) -> 26.5 | E9: =SUM(E5:E8) -> 2572.5 | F9: =SUM(F5:F8) -> 0 | G9: =SUM(G5:G8) -> 0 | N9: =SUM(N5:N8) -> 29 | O9: =SUM(O5:O8) -> 3045 | P9: =SUM(P5:P8) -> 0 | Q9: =SUM(Q5:Q8) -> 0
